 Dungeon Crawl Stone Soup version 0.30-a0-591-g3c58d2bc28 (webtiles) character file.

Game seed: 4167014042216160805

13268161 wormed the Octopus of Death (level 27, 224/224 HPs)
             Began as an Octopode Transmuter on Jan 6, 2023.
             Was an Initiate of Gozag.
             Escaped with the Orb
             ... and 15 runes!
             The game lasted 05:11:00 (122242 turns).

wormed the Octopus of Death (Octopode Transmuter) Turns: 122242, Time: 05:11:01

Health: 224/224    AC: 22    Str: 43    XL:     27
Magic:  63/63      EV: 64    Int: 36    God:    Gozag
Gold:   18209      SH:  0    Dex: 26    Spells: 12/80 levels left

rFire   + + .      SeeInvis +      - Unarmed
rCold   + + .      Faith    .    (shield currently unavailable)
rNeg    + + .      Spirit   .    (helmet currently unavailable)
rPois   ∞          Reflect  .    e - amulet of Vitality {RegenMP++ Regen++}
rElec   +          Harm     .    y - ring "Damof" {rF+ rC- rN+ Int+2 Dex+2}
rCorr   +          Rampage  .    W - ring "Vaunowas" {rC+ rN+ Str+6}
Will    +++++                    S - ring "Urebi" {EV+5 Int+9 Slay+3}
Stlth   +                        Z - ring of Toga {Will+ MP+9 Str+7 Dex+2 SInv}
HPRegen 2.17/turn                R - ring of the Magpie {*Corrode rElec rF+ rC+ Str+7}
MPRegen 1.18/turn                C - ring "Poepp" {rC+ rCorr Int+6 Dex+6 Stlth+}
                                 D - ring of Amaraps Oshro {Will+ Str+3 Slay+3}
                                 l - ring of Agnosticism {Will+ EV+5 Str+4}

@: storm-form, death channelling, wereblooded, flying, studying 5 skills
A: cleaving, insubstantial, flying, almost no armour, amphibious, 8 rings,
(camouflage 1), (gelatinous body 1), (nimble swimmer 1), (tentacles), (cold
resistance 1)
0: Orb of Zot
}: 15/15 runes: decaying, serpentine, slimy, silver, golden, iron, obsidian,
icy, bone, abyssal, demonic, glowing, magical, fiery, dark
a: Blinkbolt, End Transformation, Renounce Religion, Potion Petition, Call
Merchant, Bribe Branch


You escaped.
You worshipped Gozag.
Gozag was extremely pleased with you.
You were a lightning-filled tempest!
You visited 18 branches of the dungeon, and saw 86 of its levels.
You visited Pandemonium 1 time, and saw 10 of its levels.
You visited the Abyss 2 times.
You visited 2 ziggurats (completing 1), and saw 52 of their levels.
You also visited: Trove, Ice Cave, Volcano and Wizlab.

You collected 76218 gold pieces.
You spent 12944 gold pieces at shops.
You paid 45065 gold pieces to Gozag.

Inventory:

Armour
 Q - a +1 hat (melded)
Magical Staves
 U - a staff of air (melded)
Jewellery
 c - the amulet "Gihirch" {Spirit Harm Regen+ Str+7 Dex-4}
   (You found it on level 22 of a ziggurat)

   [amulet of guardian spirit]

   It causes incoming damage to be divided between your reserves of health and
   magic.
   Str:       It affects your strength (+7).
   Dex:       It affects your dexterity (-4).
   Regen:     It increases your rate of health regeneration.
   Harm:      It increases damage dealt and taken.
 e - the amulet of Vitality (around neck) {RegenMP++ Regen++}
   (You found it on level 22 of a ziggurat)

   [amulet of magic regeneration]

   It increases your rate of magic regeneration.
   Regen:     It increases your rate of health regeneration.
 g - the ring of the Mage {Wiz Archmagi}
   (You found it on level 25 of a ziggurat)

   [ring of wizardry]

   It improves your spell success rate.
   Archmagi:  It increases the power of your magical spells.
 k - the ring "Ixibof" {rCorr Dex+6 Stlth+}
   (You found it on level 22 of a ziggurat)

   [ring of dexterity]

   Dex:       It affects your dexterity (+6).
   rCorr:     It protects you from acid and corrosion.
   Stlth:     It makes you more stealthy.
 l - the ring of Agnosticism (on tentacle) {Will+ EV+5 Str+4}
   (You bought it in a shop on level 1 of the Dungeon)

   [ring of evasion]

   EV:        It affects your evasion (+5).
   Str:       It affects your strength (+4).
   Will:      It increases your willpower.
 y - the ring "Damof" (left tentacle) {rF+ rC- rN+ Int+2 Dex+2}
   (You took it off a mummy priest on level 3 of the Crypt)

   [ring of protection from fire]

   Int:       It affects your intelligence (+2).
   Dex:       It affects your dexterity (+2).
   rF:        It protects you from fire.
   rC:        It makes you vulnerable to cold.
   rN:        It protects you from negative energy.
 C - the ring "Poepp" (on tentacle) {rC+ rCorr Int+6 Dex+6 Stlth+}
   (You bought it in a shop on level 8 of the Dungeon)

   [ring of dexterity]

   Int:       It affects your intelligence (+6).
   Dex:       It affects your dexterity (+6).
   rC:        It protects you from cold.
   rCorr:     It protects you from acid and corrosion.
   Stlth:     It makes you more stealthy.
 D - the ring of Amaraps Oshro (on tentacle) {Will+ Str+3 Slay+3}
   (You found it in a treasure trove)

   [ring of willpower]

   Str:       It affects your strength (+3).
   Slay:      It affects your accuracy & damage with ranged weapons and melee
   (+3).
   Will:      It increases your willpower.
 R - the ring of the Magpie (on tentacle) {*Corrode rElec rF+ rC+ Str+7}
   (You bought it in a shop on level 2 of the Lair of Beasts)

   [ring of protection from fire]

   Str:       It affects your strength (+7).
   rF:        It protects you from fire.
   rC:        It protects you from cold.
   rElec:     It insulates you from electricity.
   *Corrode:  It may corrode you when you take damage.
 S - the ring "Urebi" (on tentacle) {EV+5 Int+9 Slay+3}
   (You bought it in a shop on level 2 of the Lair of Beasts)

   [ring of evasion]

   EV:        It affects your evasion (+5).
   Int:       It affects your intelligence (+9).
   Slay:      It affects your accuracy & damage with ranged weapons and melee
   (+3).
 W - the ring "Vaunowas" (right tentacle) {rC+ rN+ Str+6}
   (You found it in a treasure trove)

   [ring of strength]

   Str:       It affects your strength (+6).
   rC:        It protects you from cold.
   rN:        It protects you from negative energy.
 Z - the ring of Toga (on tentacle) {Will+ MP+9 Str+7 Dex+2 SInv}
   (You took it off a vault sentinel on level 5 of the Vaults)

   [ring of magical power]

   Str:       It affects your strength (+7).
   Dex:       It affects your dexterity (+2).
   MP:        It affects your magic capacity (+9).
   SInv:      It lets you see invisible.
   Will:      It increases your willpower.
Wands
 q - a wand of flame (84)
 u - a wand of digging (15) (quivered)
 w - a wand of paralysis (56)
 z - a wand of roots (77)
 A - a wand of mindburst (29)
 E - a wand of quicksilver (42)
 N - a wand of polymorph (12)
Scrolls
 f - 8 scrolls of brand weapon
 i - 5 scrolls of butterflies
 j - 70 scrolls of teleportation
 n - 33 scrolls of enchant weapon
 p - 46 scrolls of fog
 s - 13 scrolls of fear
 v - 23 scrolls of blinking
 x - 13 scrolls of silence
 B - 25 scrolls of amnesia
 F - 19 scrolls of poison
 G - 12 scrolls of magic mapping
 O - 23 scrolls of enchant armour
 V - 3 scrolls of torment
Potions
 b - 39 potions of mutation
 d - 18 potions of attraction
 h - 14 potions of ambrosia
 m - 14 potions of magic
 o - 8 potions of cancellation
 r - 6 potions of might
 t - 12 potions of lignification
 H - 7 potions of berserk rage
 I - 6 potions of invisibility
 L - 18 potions of haste
 M - 6 potions of heal wounds
 P - 34 potions of curing
 T - 8 potions of resistance
 X - 2 potions of brilliance
 Y - 8 potions of flight
Miscellaneous
 a - a +1 figurine of a ziggurat


   Skills:
 O Level 27 Fighting
 O Level 27 Dodging
 O Level 27 Unarmed Combat
 O Level 27 Spellcasting
 + Level 26.5 Conjurations
 - Level 10.0 Summonings
 O Level 27 Necromancy
 - Level 10.0 Translocations
 O Level 27 Transmutations
 O Level 27 Fire Magic
 - Level 4.0 Ice Magic
 O Level 27 Air Magic


You had 12 spell levels left.
You knew the following spells:

 Your Spells              Type           Power      Damage    Failure   Level
a - Storm Form            Tmut/Air       63%        N/A       0%          7
b - Wereblood             Tmut           100%       N/A       0%          2
c - Death Channel         Necr           63%        N/A       0%          6
d - Vhi's Electric Charg  Tloc/Air       100%       N/A       0%          3
e - Infestation           Necr           63%        N/A       1%          8
f - Summon Forest         Summ/Tloc      44%        N/A       1%          5
g - Passage of Golubria   Tloc           88%        N/A       1%          4
i - Ignition              Fire           63%        3d17      1%          8
k - Blink                 Tloc           100%       N/A       0%          2
m - Fire Storm            Conj/Fire      63%        8d16      1%          9
s - Silence               Hex/Air        49%        N/A       1%          5
x - Death's Door          Necr           63%        N/A       1%          9

Your spell library contained the following spells:

 Spells                   Type           Power      Damage    Failure   Level
 Apportation              Tloc           100%       N/A       0%          1
 Beastly Appendage        Tmut           100%       N/A       0%          1
 Foxfire                  Conj/Fire      100%       2x1d9     0%          1
 Kiss of Death            Conj/Necr      100%       2d13      0%          1
 Magic Dart               Conj           100%       1d8       0%          1
 Necrotise                Necr           100%       1d9       0%          1
 Shock                    Conj/Air       100%       1d9       0%          1
 Sting                    Tmut/Pois      100%       1d8       0%          1
 Summon Small Mammal      Summ           100%       N/A       0%          1
 Call Imp                 Summ           88%        N/A       0%          2
 Cigotuvi's Dreadful Rot  Necr/Pois/Air  100%       N/A       0%          2
 Momentum Strike          Conj/Tloc      100%       3d10      0%          2
 Passwall                 Tmut/Erth      81%        N/A       0%          2
 Poisonous Vapours        Pois/Air       100%       N/A       0%          2
 Scorch                   Fire           100%       2d10      0%          2
 Searing Ray              Conj           100%       2d8       0%          2
 Static Discharge         Conj/Air       100%       2-7/arc   0%          2
 Sublimation of Blood     Necr           100%       N/A       0%          2
 Dazzling Flash           Conj/Hex       100%       N/A       0%          3
 Hailstorm                Conj/Ice       100%       3d20      0%          3
 Ignite Poison            Fire/Tmut/Pois 100%       N/A       0%          3
 Inner Flame              Hex/Fire       98%        N/A       0%          3
 Kindle Blastsparks       Fire/Tloc/Air  100%       2d18      0%          3
 Mephitic Cloud           Conj/Pois/Air  100%       N/A       0%          3
 Spider Form              Tmut/Pois      98%        N/A       0%          3
 Stone Arrow              Conj/Erth      100%       3d13      0%          3
 Swiftness                Air            100%       N/A       0%          3
 Vampiric Draining        Necr           100%       2d13      0%          3
 Airstrike                Air            63%        2d(10-26) 0%          4
 Anguish                  Hex/Necr       49%        N/A       0%          4
 Dispel Undead            Necr           100%       3d31      0%          4
 Flame Wave               Conj/Fire      100%       2d21      0%          4
 Ice Form                 Ice/Tmut       100%       N/A       0%          4
 Iskenderun's Mystic Bla  Conj/Tloc      100%       2d19      0%          4
 Petrify                  Tmut/Erth      98%        N/A       0%          4
 Sticky Flame             Conj/Fire      100%       2d11      0%          4
 Summon Lightning Spire   Summ/Air       100%       N/A       0%          4
 Agony                    Necr           100%       N/A       0%          5
 Arcjolt                  Conj/Air       63%        1d73      0%          5
 Blade Hands              Tmut           63%        N/A       0%          5
 Fireball                 Conj/Fire      63%        3d24      0%          5
 Freezing Cloud           Conj/Ice/Air   56%        6-21      0%          5
 Irradiate                Conj/Tmut      63%        3d32      0%          5
 Iskenderun's Battlesphe  Conj           100%       2d15      0%          5
 Lightning Bolt           Conj/Air       63%        1d87      0%          5
 Conjure Ball Lightning   Conj/Air       63%        3x3d23    0%          6
 Starburst                Conj/Fire      63%        6d17      0%          6
 Dragon Form              Tmut           63%        N/A       0%          7
 Orb of Destruction       Conj           63%        9d15      0%          7
 Sandblast                Erth           96%        2d20      1%          1
 Ensorcelled Hibernation  Hex/Ice        100%       N/A       1%          2
 Call Canine Familiar     Summ           88%        N/A       1%          3
 Confusing Touch          Hex            48%        N/A       1%          3
 Frozen Ramparts          Ice            100%       1d16      1%          3
 Gell's Gravitas          Tloc           88%        N/A       1%          3
 Lesser Beckoning         Tloc           100%       N/A       1%          3
 Ozocubu's Armour         Ice            67%        N/A       1%          3
 Portal Projectile        Hex/Tloc       100%       N/A       1%          3
 Summon Guardian Golem    Hex/Summ       71%        N/A       1%          3
 Teleport Other           Tloc           88%        N/A       1%          3
 Tukima's Dance           Hex            48%        N/A       1%          3
 Fulminant Prism          Conj/Hex       48%        3d21      1%          4
 Manifold Assault         Tloc           88%        N/A       1%          4
 Summon Ice Beast         Ice/Summ       78%        N/A       1%          4
 Alistair's Intoxication  Tmut/Pois      65%        N/A       1%          5
 Borgnjor's Vile Clutch   Necr/Erth      49%        N/A       1%          5
 Summon Mana Viper        Hex/Summ       71%        N/A       1%          5
 Yara's Violent Unravell  Hex/Tmut       49%        3d19      1%          5
 Dispersal                Tloc           44%        N/A       1%          6
 Eringya's Noxious Bog    Tmut/Pois      49%        N/A       1%          6
 Iron Shot                Conj/Erth      48%        9d9       1%          6
 Statue Form              Tmut/Erth      65%        N/A       1%          6
 Summon Cactus Giant      Summ           44%        N/A       1%          6
 Haunt                    Necr/Summ      55%        N/A       1%          7
 Spellforged Servitor     Conj/Summ      55%        N/A       1%          7
 Borgnjor's Revivificati  Necr           63%        N/A       1%          8
 Maxwell's Capacitive Co  Air            63%        ∞         1%          8
 Necromutation            Tmut/Necr      63%        N/A       1%          8
 Chain Lightning          Conj/Air       63%        3d84      1%          9
 Cause Fear               Hex            24%        N/A       4%          4
 Leda's Liquefaction      Hex/Erth       24%        N/A       4%          4
 Olgreb's Toxic Radiance  Pois           48%        N/A       4%          4
 Metabolic Englaciation   Hex/Ice        29%        N/A       4%          5
 Malign Gateway           Summ/Tloc      44%        N/A       5%          7
 Monstrous Menagerie      Summ           44%        N/A       5%          7
 Summon Hydra             Summ           44%        N/A       5%          7
 Lee's Rapid Deconstruct  Erth           24%        3d13*     11%         5
 Lehudib's Crystal Spear  Conj/Erth      48%        10d12     12%         8
 Disjunction              Tloc           44%        N/A       41%         8
 Ozocubu's Refrigeration  Ice            33%        4d14      54%         7
 Enfeeble                 Hex            24%        N/A       98%         7
 Discord                  Hex            24%        N/A       100%        8
 Dragon's Call            Summ           44%        N/A       100%        9
 Polar Vortex             Ice            33%        N/A       100%        9
 Shatter                  Erth           24%        3d21*     100%        9
 Animate Dead             Necr           Unusable   N/A       N/A         4
 Animate Armour           Summ/Erth      Unusable   N/A       N/A         4
 Simulacrum               Ice/Necr       Unusable   N/A       N/A         6

Dungeon Overview and Level Annotations

Branches:
Dungeon (15/15)            Temple (1/1) D:5            Lair (5/5) D:10
  Swamp (4/4) Lair:3        Snake (4/4) Lair:3        Slime (5/5) Lair:5
    Orc (2/2) D:11            Elf (3/3) Orc:2        Vaults (5/5) D:14
  Crypt (3/3) Vaults:3       Tomb (3/3) Crypt:3      Depths (4/4) D:15
   Hell (visited)             Dis (7/7) Hell            Geh (7/7) Hell
    Coc (7/7) Hell            Tar (7/7) Hell            Zot (5/5) Depths:4
  IceCv (visited)         Volcano (visited)          WizLab (visited)

Altars:
Ashenzari
Cheibriados
Dithmenos
Elyvilon
Fedhas
Gozag
Hepliaklqana
Kikubaaqudgha
Makhleb
Nemelex Xobeh
Okawaru
Qazlal
Ru
Sif Muna
Trog
Uskayaw
Vehumet
Wu Jian
Xom
Yredelemnul
Zin
The Shining One

Shops:
D:1 =*:!!*!?=   D:5 [   D:8 =   Orc:2 (*=?   Elf:1 !   Elf:3 *!   Lair:2 :=:
Snake:2 !=:?   Snake:3 :=:   Vaults:2 *   Vaults:3 (   Crypt:1 *   Hell :*
Depths:3 !

Portals:
Hell: Depths:1 Depths:2 Depths:3 Depths:4
Abyss: Depths:3 Depths:4
Pandemonium: Depths:2


Innate Abilities, Weirdness & Mutations

You are a lightning-filled tempest!
Your electrical attacks strike out in all directions at once.
You are incredibly evasive.
Your insubstantial body is immune to petrification, constriction, and being set on fire You are flying.
You are immune to poison.
Your armour is entirely melded.
You are incapable of wielding weapons or throwing items.
You cannot wear most types of armour.
You are amphibious.
You can wear up to eight rings at the same time.
((Your skin changes colour to match your surroundings (Stealth+).))
((Your rubbery body absorbs attacks. (AC +1, EV +1)))
((You are camouflaged when in or above water. (Stealth+)))
((You have tentacles for arms and can constrict up to eight enemies at once.))
((Your flesh is cold resistant. (rC+)))


Message History

Casting: Death Channel (safe; 0% risk of failure)
Confirm with . or Enter, or press ? or * to list all spells.
You extend your transformation's duration.
Casting: Storm Form (safe; 0% risk of failure)
Confirm with . or Enter, or press ? or * to list all spells.
Your blood is freshly infused with primal strength!
The lich gestures at you while chanting.
You resist with almost no effort.
Casting: Wereblood (safe; 0% risk of failure)
Confirm with . or Enter, or press ? or * to list all spells.
You are already channeling the dead.
A soul eater comes into view.
Bix Fam comes into view.
Bix Fam gestures at you. The bolt of energy misses you.
The lich launches a ball of destructive magic.
An orb of destruction comes into view.
The soul eater attacks as you move away!
The soul eater completely misses you.
The orb of destruction hits Bix Fam!!!!
Bix Fam gestures.
Bix Fam seems to speed up.
You hear a bellow!
There is an escape hatch in the ceiling here.
Bix Fam gestures at you. The bolt of cold misses you.
The soul eater completely misses you. A mysterious force pulls you upwards.
The hatch slams shut behind you.
A soul eater is nearby!
You blast the soul eater!!!!!
You kill the soul eater!
You now have 18209 gold pieces (gained 5).
You swap places.
You bellow as the wereblood boils in your veins!
You bellow as the wereblood boils in your veins!
You bellow as the wereblood boils in your veins!
There is an entrance to Uchivu Nair's Distillery here.
There is an entrance to Ficwank's Distillery here.
You bellow as the wereblood boils in your veins!
You bellow as the wereblood boils in your veins!
There is a staircase leading out of the dungeon here.
You have escaped!

#######.#.#....#.....#
#.#.##
.......##.#..##......#
#...#
.......##.#..##......#
#.###
.......##.#..##......## #.#
.###.##.#.#...........###
#.# .#
#.###....#########...# #.#
.# #.# ##.#...........#(#
#.# .# #.#
#.............#.####.# .#
#.# ##......Zv.....#......#
##
#.###..............#.######
.# ♣.♣..................#
.###.###.#..#########...#
...♣.♣ ##.............#.#
..##.# ##..........###.#
.#.♣.♣###########.#####.#
###......# #.......#
.#.♣.♣##.#### #########


You could see a friendly spectral soul eater.

Vanquished Creatures
  Cerebov (Pan)
  Antaeus (Coc:7)
  Asmodeus (Geh:7)
  the Royal Jelly (Slime:5)
  the Serpent of Hell (Dis:7)
  Gloorx Vloq (Pan)
  Mnoleg (Pan)
  Lom Lobon (Pan)
  10 dread liches
  Dispater (Dis:7)
  9 orbs of fire
  Mennas (Pan)
  10 ancient liches
  Mara (Swamp:4)
  15 juggernauts
  44 royal mummies
  Vv (Depths:3)
  24 Killer Klowns
  the Lernaean hydra (Swamp:4)
  Xtahua (Depths:3)
  7 curse toes
  18 shard shrikes
  Vashnia (Snake:4)
  39 caustic shrikes
  Geryon (Hell)
  36 pandemonium lords
  The ghost of Zaets the Cryomancer, a veteran SpEn of Jiyva (Zot:5)
  18 golden dragons
  24 profane servitors
  Nikola (Swamp:1)
  19 bone dragons
  19 electric golems
  25 Tzitzimimeh
  13 Brimstone Fiends
  The ghost of Olih Byd the Warrior, an adept GrFi of Cheibriados (Crypt:1)
  Rupert (Lair:5)
  6 doom hounds
  18 tentacled monstrosities
  Jorgrun (D:15)
  25 hellephants
  11 Ice Fiends
  28 Hell Sentinels
  26 tainted leviathans
  15 iron giants
  Mlioglotl (Swamp:4)
  Zenata (Vaults:3)
  8 liches
  26 Orb Guardians
  A walking divine tome (Depths:4)
  16 searing wretches
  40 acid blobs
  7 quicksilver dragons
  13 deep elf blademasters
  30 titans
  23 Executioners
  8 deep elf master archers
  6 tentacled starspawn
  Kirke (D:12)
  5 tengu reavers
  26 ancient champions
  8 death cobs
  15 sphinxes
  3 thorn hunters
  A shadow dragon (shapeshifter) (Zig:17)
  15 draconian monks
  The ghost of Pyudats the Demonic Mishap, an adept DsFi of Qazlal (Swamp:3)
  9 shadow dragons
  14 rockslimes
  4 fenstrider witches (shapeshifter)
  An azure jelly (shapeshifter) (Zig:8)
  23 storm dragons
  Donald (Swamp:1)
  37 azure jellies
  8 draconian knights
  4 frost giants (shapeshifter)
  3 daevas (Pan)
  20 nagarajas
  36 narguns
  8 revenants
  3 fenstrider witches
  5 demonspawn warmongers
  A storm dragon (shapeshifter) (Zig:20)
  26 fire giants
  A spectral juggernaut (Tar:1)
  7 emperor scorpions
  10 deep elf sorcerers
  8 iron dragons
  4 curse skulls
  5 draconian scorchers
  28 quicksilver elementals
  15 vault wardens
  19 ghost moths
  9 shard shrike simulacra
  43 balrugs
  A spectral caustic shrike (Tar:4)
  21 frost giants
  12 draconian shifters
  5 caustic shrike zombies
  13 orc warlords
  Louise (Depths:3)
  13 cacodemons
  5 angels (Pan)
  6 deep elf elementalists
  2 demonspawn blood saints
  17 ghouls
  16 draconian stormcallers
  33 very ugly things
  13 draconian annihilators
  19 ironbound preservers
  20 quicksilver oozes
  A stone giant (shapeshifter) (Zig:10)
  6 apis (Pan)
  3 broodmothers
  30 war gargoyles
  The ghost of Opizon the Basher, a journeyman TrFi of Ashenzari (Elf:2)
  The ghost of Opizon the Basher, a journeyman TrFi of Ashenzari (Elf:1)
  14 reapers
  7 ophanim (Pan)
  6 demonspawn corrupters
  32 stone giants
  3 juggernaut skeletons
  5 ironbound thunderhulks
  13 green draconians
  8 vampire knights
  31 elemental wellsprings
  8 demonspawn black suns
  A caustic shrike skeleton (Zig:24)
  26 putrid mouths
  Nessos (D:15)
  2 eleionomae (shapeshifter)
  7 eleionomae
  4 halazid warlocks (WizLab)
  11 deep elf demonologists
  10 bennus
  9 bunyips
  5 lorocyprocas
  19 yellow draconians
  The ghost of purpskrrrp the Fighter, a journeyman DjFE of Lugonu (D:13)
  17 deep elf annihilators
  17 red draconians
  15 white draconians
  12 black draconians
  2 dire elephants (shapeshifter)
  19 purple draconians
  17 dire elephants
  17 wendigos
  11 spark wasps
  Snorg (D:14)
  A spark wasp (shapeshifter) (Zig:17)
  8 eidola
  4 spectral quicksilver dragons
  5 merfolk javelineers
  12 fire dragons
  17 iron golems
  4 crystal guardians
  7 merfolk impalers (Zig:24)
  20 blizzard demons
  6 deep elf death magi
  7 shambling mangroves
  9 jiangshi
  18 ettins
  13 entropy weavers
  2 spectral krakens (Tar:7)
  A spectral golden dragon (Tar:6)
  2 great orbs of eyes (shapeshifter)
  16 green deaths
  23 mummy priests
  2 spriggan zombies
  13 deep elf high priests
  21 vault guards
  2 rakshasas
  11 yaktaur captains
  6 hell beasts
  4 peacekeepers
  16 great orbs of eyes
  46 hydras
  An ice dragon (shapeshifter) (Zig:20)
  A quicksilver dragon skeleton (Crypt:2)
  28 salamander tyrants
  A fenstrider witch zombie (Crypt:2)
  A jorogumo (shapeshifter) (Zig:20)
  17 ice dragons
  2 radroaches
  3 spriggan skeletons
  7 ghost crabs
  13 caustic shrike simulacra
  4 ogre magi (Orc:2)
  10 ironbound frosthearts
  A merfolk avatar (Abyss:4)
  An alligator snapping turtle (Zig:15)
  23 two-headed ogres
  7 merfolk aquamancers
  An alligator snapping turtle (shapeshifter) (Zig:7)
  11 juggernaut simulacra
  15 spriggan air magi
  9 centaur warriors
  A spectral human (Tar:2)
  7 catoblepae
  2 jorogumos (Zig:18)
  40 dancing weapons
  2 spectral stone giants
  16 anacondas
  A satyr (Zig:24)
  8 stokers
  2 death knights
  A fenstrider witch skeleton (Crypt:2)
  3 tengu warriors (Depths:1)
  3 boulder beetles
  64 death scarabs
  A deep troll earth mage (Depths:1)
  2 two-headed ogres (shapeshifter)
  16 death yaks
  14 thrashing horrors
  5 deep troll shamans
  27 hell hogs
  16 alligators
  15 naga warriors
  24 orc high priests
  2 titan zombies
  8 vampire magi
  A shock serpent (shapeshifter) (Zig:20)
  4 spriggan berserkers
  10 naga sharpshooters
  7 wretched stars
  27 soul eaters
  27 crystal echidnas
  20 shock serpents
  30 deep elf knights
  39 sun demons
  10 salamander mystics
  36 hell knights
  35 skeletal warriors
  5 fire crabs (Zig:14)
  2 death drakes
  7 iron trolls
  A titan skeleton (Pan)
  14 shadow wraiths
  13 sixfirhies
  3 pharaoh ants
  A storm dragon skeleton (Tomb:1)
  6 spriggan druids
  2 bunyip zombies
  7 cherubim (Pan)
  A fire crab (shapeshifter) (Vaults:5)
  4 spatial maelstroms
  3 sea snakes (shapeshifter)
  3 spectral anacondas
  An anaconda zombie (Hell)
  A deep troll (shapeshifter) (Zig:13)
  5 quicksilver dragon simulacra
  8 goliath frogs
  6 shadow demons
  48 deep trolls
  24 swamp dragons
  2 orb spiders (shapeshifter)
  5 orb spiders
  10 naga ritualists
  8 flayed ghosts
  3 glowing orange brains
  A glowing orange brain (shapeshifter) (Zig:2)
  4 orange crystal statues
  7 spriggan simulacra
  8 sea snakes
  26 deep elf archers
  An obsidian statue (Crypt:1)
  10 bog bodies
  2 lindwurms (shapeshifter)
  3 bunyip skeletons
  An iron dragon zombie (Crypt:2)
  A spectral wolf spider (WizLab)
  36 wizards
  15 lindwurms
  3 anaconda skeletons
  A steelbarb worm (shapeshifter) (Zig:8)
  13 orc knights
  A tengu zombie (D:15)
  10 harpies
  21 phantasmal warriors
  20 necromancers
  20 ironbound convokers
  A fenstrider witch simulacrum (Coc:1)
  7 fauns (Zig:24)
  8 spectral spriggans
  4 steelbarb worms
  A wolf spider zombie (WizLab)
  7 wolf spiders
  10 mana vipers
  23 starcursed masses
  32 deep elf zephyrmancers
  29 ugly things
  A stone giant zombie (Tomb:1)
  53 deep elf pyromancers
  A frost giant zombie (Depths:1)
  A faun (shapeshifter) (Zig:7)
  11 shining eyes
  5 worldbinders (Abyss:3)
  3 spectral ettins
  3 oklob plants (Lair:2)
  A cyclops (shapeshifter) (Zig:10)
  2 shadow dragon skeletons
  2 iron dragon skeletons
  2 salamanders (shapeshifter)
  7 will-o-the-wisps
  14 orc sorcerers
  45 moths of wrath
  9 cyclopes
  11 manticores
  A fire giant skeleton (D:15)
  3 spectral centaurs
  5 toenail golems (Volcano)
  19 ice statues
  A centaur zombie (Tomb:3)
  A human skeleton (Vaults:1)
  8 torpor snails
  11 apocalypse crabs
  7 merfolk sirens (Zig:24)
  12 guardian serpents
  12 titan simulacra
  32 smoke demons
  A rust devil (Pan)
  2 black mambas (shapeshifter)
  25 salamanders
  24 vault sentinels
  10 naga magi
  11 elephants
  A shock serpent zombie (Crypt:1)
  12 molten gargoyles (Geh:7)
  47 black mambas
  8 orange demons
  An emperor scorpion simulacrum (Crypt:1)
  6 eyes of devastation
  A centaur skeleton (Crypt:1)
  A storm dragon simulacrum (Coc:1)
  A torpor snail (shapeshifter) (Depths:1)
  A stone giant skeleton (Pan)
  7 water nymphs (Zig:24)
  29 yaktaurs
  19 cane toads
  A dire elephant skeleton (Crypt:1)
  3 unseen horrors (Pan)
  5 demonic crawlers
  18 hellions
  11 komodo dragons
  An iron troll zombie (Crypt:3)
  8 spectral swamp worms (Tar:7)
  2 kobold demonologists
  4 rime drakes
  A steelbarb worm zombie (Crypt:3)
  7 efreet
  6 iron giant simulacra
  3 tengu conjurers (Depths:2)
  A yaktaur skeleton (Vaults:2)
  7 anaconda simulacra
  17 tormentors
  2 bunyip simulacra
  A spectral naga (Tar:5)
  3 golden dragon simulacra
  A green draconian skeleton (Crypt:3)
  6 red devils (Pan)
  23 freezing wraiths
  A hydra zombie (Hell)
  7 ice devils
  A sea snake skeleton (Hell)
  6 ancient zymes
  2 yellow draconian skeletons
  A meliai (shapeshifter) (Abyss:3)
  8 spectral harpies
  2 wind drakes (Zig:24)
  A white draconian skeleton (Crypt:3)
  91 guardian mummies
  17 trolls
  A queen bee (D:9)
  A silent spectre (Tar:5)
  2 bloated husks
  A polar bear (shapeshifter) (Vaults:1)
  3 meliai (D:13)
  11 hellwings
  A troll (shapeshifter) (Zig:20)
  4 harpy zombies
  3 harpy skeletons
  2 polar bears
  13 tyrant leeches
  A wind drake (shapeshifter) (Zig:25)
  10 raiju
  A tyrant leech (shapeshifter) (Zig:15)
  22 merfolk
  A merfolk (shapeshifter) (Zig:8)
  32 large abominations
  Grinder (D:3)
  25 hornets
  The ghost of olddryhag the Slasher, an amateur DsGl (D:3)
  28 blink frogs
  2 tarantellas (Zig:9)
  A culicivora zombie (Crypt:2)
  A dream sheep (Zig:10)
  2 human simulacra
  3 hydra skeletons (Hell)
  A fire giant simulacrum (Depths:1)
  Prince Ribbit (Lair:3)
  2 ettin zombies
  2 iron dragon simulacra (Coc:7)
  A spectral black mamba (Tar:1)
  4 stone giant simulacra
  A jumping spider (shapeshifter) (Zig:21)
  4 snapping turtles (Zig:24)
  A slime creature (shapeshifter) (Zig:7)
  A jumping spider (Zig:9)
  109 slime creatures
  45 flying skulls
  Sigmund (D:3)
  15 spriggans
  2 culicivoras
  2 ettin skeletons
  21 air elementals
  A shadow (Abyss:3)
  5 centaur simulacra
  4 ynoxinuls
  21 water elementals
  9 dire elephant simulacra
  3 vampires
  6 wyverns
  Eustachio (D:4)
  A black mamba skeleton (Crypt:3)
  6 basilisks
  38 yaks
  18 neqoxecs
  7 wraiths
  21 chaos spawn
  11 fire elementals
  An alligator snapping turtle simulacrum (Coc:2)
  19 golden eyes
  23 ushabtiu
  3 hogs (D:12)
  14 vampire mosquitoes
  6 redbacks
  A steam dragon (D:6)
  A redback (shapeshifter) (Elf:1)
  10 wargs
  A demonspawn zombie (Crypt:2)
  14 harpy simulacra
  25 nagas
  17 swamp worms
  6 hydra simulacra
  33 water moccasins
  3 floating eyes
  An acid dragon (D:12)
  A floating eye (shapeshifter) (Zig:25)
  3 hell hounds
  Duvessa (D:5)
  2 glowing shapeshifter skeletons
  A naga skeleton (Crypt:2)
  5 black bears
  An ice beast (D:6)
  52 orc warriors
  8 swamp drakes
  A swamp dragon zombie (Crypt:3)
  An alligator simulacrum (Hell)
  2 sky beasts
  8 ettin simulacra
  7 small abominations (Abyss:3)
  7 wolves
  An ogre (shapeshifter) (Zig:20)
  44 ogres
  5 boggarts
  8 centaurs
  A draconian zombie (Crypt:3)
  A phantom (D:5)
  6 earth elementals
  A rime drake skeleton (Crypt:1)
  12 bullfrogs
  A gnoll sergeant (D:10)
  6 necrophages
  Blork the orc (D:5)
  2 elf zombies (Elf:1)
  A naga simulacrum (Coc:6)
  A scorpion (D:4)
  3 wights (D:9)
  Dowan (D:5)
  A troll zombie (Crypt:1)
  18 killer bees
  2 lindwurm simulacra (IceCv)
  3 electric eels
  A howler monkey (D:9)
  A wolf zombie (Crypt:1)
  2 crimson imps (Pan)
  3 quasits (Abyss:3)
  21 orc priests
  2 iron imps (Abyss:3)
  5 jellies
  A gnoll bouda (D:9)
  A scorpion zombie (Crypt:2)
  4 iguanas
  32 orc wizards
  An acid dragon skeleton (Crypt:3)
  A hound skeleton (Crypt:1)
  89 mummies
  12 gnolls
  4 adders
  A hound simulacrum (D:3)
  A steam dragon skeleton (Crypt:2)
  3 white imps
  5 ufetubi
  A worm (D:4)
  2 dart slugs
  3 adder simulacra (D:3)
  73 orcs
  5 endoplasms
  6 giant cockroaches
  2 goblins
  5 hobgoblins
  2 jackals (D:5)
  A quokka (D:1)
  5 ball pythons
  A ball python simulacrum (D:3)
  6 bats
  4 frilled lizards
  A giant cockroach simulacrum (D:3)
  A giant cockroach zombie (Crypt:1)
  A gnoll zombie (Crypt:2)
  A hobgoblin zombie (Crypt:1)
  7 kobolds
  4 rats
  A river rat skeleton (Crypt:3)
  3 briar patches (Zig:20)
  4 creeping infernos
  33 fire vortices
  A lurking horror (Abyss:3)
  A plant (Zot:3)
  4 starspawn tentacles
  2 tentacles (Tar:7)
5237 creatures vanquished.

Vanquished Creatures (collateral kills)
  Ereshkigal (Tar:7)
  2 dread liches (Zig:25)
  6 pandemonium lords
  An ancient lich (Zig:25)
  8 juggernauts
  7 royal mummies
  5 Killer Klowns
  A shard shrike (Coc:5)
  A caustic shrike (Zig:27)
  12 golden dragons
  A profane servitor (Tar:7)
  A bone dragon (Tar:6)
  2 iron giants
  A Tzitzimitl (Tar:3)
  2 hellephants (Zig:22)
  7 tentacled monstrosities
  4 Hell Sentinels
  5 electric golems
  An Ice Fiend (Coc:6)
  A lich (Vaults:5)
  6 titans
  2 acid blobs (Zig:12)
  3 deep elf blademasters
  A searing wretch (Geh:1)
  A quicksilver dragon (Vaults:5)
  An ancient champion (Hell)
  3 Executioners
  2 storm dragons
  2 shadow dragons
  A thorn hunter (Zig:14)
  A rockslime (shapeshifter) (Zig:20)
  2 nagarajas
  6 rockslimes (Zig:23)
  8 frost giants
  2 narguns
  2 draconian knights (Zig:17)
  A deep elf sorcerer (Vaults:5)
  A fire giant (Zig:22)
  3 azure jellies
  3 emperor scorpions
  7 quicksilver elementals
  2 vault wardens (Zig:25)
  A draconian scorcher (Zig:17)
  2 ghost moths (Zig:18)
  6 balrugs
  3 ironbound preservers (Vaults:5)
  A quicksilver ooze (Zig:12)
  A draconian shifter (Zig:17)
  A demonspawn blood saint (Zig:19)
  A draconian annihilator (Zig:17)
  7 orc warlords
  7 stone giants
  A broodmother (Zig:18)
  An ophan (Zig:9)
  A very ugly thing (Zig:13)
  A reaper (Hell)
  2 war gargoyles
  A caustic shrike skeleton (Zig:24)
  An elemental wellspring (Coc:6)
  2 deep elf demonologists
  An eleionoma (Zig:16)
  A stone giant (shapeshifter) (Zig:17)
  A red draconian (Zig:17)
  5 starcursed masses
  A dire elephant (shapeshifter) (Zig:7)
  10 bennus
  2 spark wasps
  A deep elf annihilator (Zig:21)
  3 bunyips
  3 ettins (Zig:22)
  A white draconian (Zig:17)
  9 mummy priests
  A deep elf death mage (Vaults:5)
  2 iron golems
  4 merfolk javelineers
  A green death (Zig:20)
  A blizzard demon (Pan)
  4 shambling mangroves
  6 entropy weavers
  3 deep elf high priests
  A merfolk impaler (Zig:24)
  A ghost crab (Zig:20)
  2 yaktaur captains (Vaults:5)
  11 hydras
  3 salamander tyrants (Zig:19)
  An ogre mage (Vaults:5)
  A catoblepas (Zig:10)
  A jorogumo (Zig:18)
  9 vault guards (Vaults:5)
  3 spriggan air magi
  4 radroaches
  3 merfolk aquamancers
  2 alligators
  An anaconda (Zig:19)
  An alligator snapping turtle (Zig:15)
  6 dancing weapons (Zig:16)
  A merfolk avatar (Zig:24)
  A satyr (Zig:24)
  A stoker (Geh:6)
  2 two-headed ogres (Vaults:5)
  9 death scarabs (Tomb:3)
  2 hell hogs (Hell)
  A naga warrior (Zig:19)
  A naga sharpshooter (Zig:15)
  8 orc high priests
  5 shock serpents
  2 thrashing horrors
  3 hell knights
  4 sun demons
  2 crystal echidnas
  8 iron trolls
  A deep elf knight (Zig:21)
  A sun moth (Zig:9)
  A skeletal warrior (Tomb:3)
  2 iron trolls (shapeshifter) (Zig:8)
  4 pharaoh ants (Zig:18)
  A sixfirhy (Pan)
  A death drake (shapeshifter) (Zig:25)
  A shadow demon (Pan)
  A cherub (Pan)
  A death drake (Zig:20)
  A spatial maelstrom (Zig:18)
  A goliath frog (Zig:14)
  3 glowing orange brains
  A sea snake (Zig:24)
  5 swamp dragons
  An orb spider (shapeshifter) (Vaults:5)
  A bog body (Zig:20)
  3 golden dragon zombies (Zig:24)
  10 orb spiders
  A spriggan simulacrum (Coc:5)
  6 obsidian statues
  A phantasmal warrior (Vaults:5)
  3 steelbarb worms
  2 deep elf pyromancers (Zig:21)
  3 deep elf archers
  2 ironbound convokers (Vaults:5)
  A necromancer (Hell)
  4 harpies
  A faun (Zig:24)
  5 will-o-the-wisps
  2 ugly things
  A sphinx zombie (Zig:24)
  A shining eye (Zig:12)
  4 orc sorcerers
  A mana viper (Zig:19)
  6 cyclopes
  2 deep elf zephyrmancers (Zig:16)
  A salamander (shapeshifter) (Zig:17)
  2 wolf spiders (Zig:18)
  5 moths of wrath
  5 elephants
  A sphinx skeleton (Zig:24)
  A salamander (Zig:19)
  A guardian serpent (Zig:16)
  5 apocalypse crabs
  An ice statue (Zig:16)
  An eye of devastation (Zig:23)
  2 smoke demons
  5 black mambas
  A water nymph (Zig:24)
  A torpor snail (Zig:22)
  3 naga magi
  2 vault sentinels
  A rust devil (Pan)
  5 demonic crawlers
  A minotaur zombie (Tomb:3)
  2 rime drakes (Zig:22)
  5 cane toads
  3 hellions
  2 yaktaurs (Vaults:5)
  An efreet (Pan)
  2 tormentors
  2 komodo dragons
  A red devil (Hell)
  3 ancient zymes
  14 guardian mummies
  A tarantella (shapeshifter) (Zig:15)
  5 merfolk
  2 polar bears
  3 trolls
  A tarantella (Zig:18)
  2 tyrant leeches
  7 hornets
  A hydra skeleton (Hell)
  3 dream sheep (Zig:22)
  2 large abominations
  3 blink frogs (Zig:22)
  3 raiju (Zig:11)
  3 snapping turtles
  A culicivora (Zig:18)
  4 slime creatures
  2 flying skulls
  2 jumping spiders
  3 ynoxinuls (Pan)
  A wyvern (Zig:22)
  An air elemental (Zig:21)
  An ettin skeleton (Tomb:2)
  6 yaks
  5 ushabtiu
  4 water elementals
  3 golden eyes
  2 basilisks (Zig:22)
  2 neqoxecs
  4 redbacks
  A chaos spawn (Zig:15)
  A warg (Zig:23)
  3 harpy simulacra
  4 nagas
  9 water moccasins
  2 swamp drakes (Zig:20)
  12 orc warriors
  7 ogres
  3 earth elementals
  A gnoll bouda (Zig:26)
  4 orc priests
  2 orc wizards (Zig:26)
  10 mummies
  3 creeping infernos
  7 fire vortices
  A starspawn tentacle (Zig:18)
641 creatures vanquished.

Vanquished Creatures (others)
  2 tentacled monstrosities (Zig:14)
  A nagaraja (Snake:4)
  A fenstrider witch (Swamp:1)
  An emperor scorpion (Zig:16)
  A draconian annihilator (Pan)
  A war gargoyle (Zig:27)
  An eleionoma (shapeshifter) (Zig:8)
  2 demonspawn blood saints (Zig:19)
  A lorocyproca (Zig:19)
  An eleionoma (Zig:20)
  A merfolk javelineer (Zig:15)
  A hydra (Zig:14)
  A sun demon (Pan)
  A death drake (Zig:20)
  A swamp dragon (Zig:16)
  An obsidian statue (Zot:5)
  2 spriggan simulacra
  A deep elf zephyrmancer (Elf:2)
  A necromancer (Hell)
  A black mamba (Snake:4)
  A smoke demon (Pan)
  A cane toad (Zig:22)
  An orange demon (Pan)
  A tormentor (Zig:19)
  5 bloated husks
  A blink frog (Zig:22)
  2 flying skulls (WizLab)
  An air elemental (Zig:21)
  A dire elephant simulacrum (Coc:6)
  2 water elementals (Zig:21)
  A harpy simulacrum (Coc:2)
  A hydra simulacrum (Coc:3)
  2 swamp drakes (Swamp:4)
  2 small abominations (Abyss:3)
  A starcursed mass (Zig:18)
  An orc wizard (Orc:1)
  A shadow imp (Abyss:3)
  9 ball lightnings (Pan)
  3 briar patches (Zig:20)
  A creeping inferno (Geh:7)
  3 demonic plants (D:11)
  36 fire vortices
  30 foxfires
  15 fungi
  62 plants
  14 starspawn tentacles
  6 tentacles (Tar:7)
  5 withered plants (D:15)
232 creatures vanquished.

Grand Total: 6110 creatures vanquished

Notes
Turn   | Place    | Note
-------+----------+-------------------------------------------
     0 | D:1      | wormed the Octopode Transmuter began the quest for the Orb.
     0 | D:1      | Reached XP level 1. HP: 13/13 MP: 3/3
   154 | D:1      | Reached XP level 2. HP: 14/18 MP: 5/5
   383 | D:1      | Found Tonnimo Bimm's Jewellery Boutique.
   505 | D:1      | Learned a level 2 spell: Wereblood
   665 | D:1      | You fall into a shaft and drop 1 floor!
   810 | D:2      | Reached XP level 3. HP: 19/23 MP: 6/6
  1216 | D:2      | Found a faded altar of an unknown god.
  2217 | D:3      | Noticed Sigmund
  2266 | D:3      | Reached XP level 4. HP: 28/28 MP: 7/7
  2480 | D:3      | Noticed Grinder
  2491 | D:3      | Paralysed by Grinder for 2 turns
  2511 | D:3      | Killed Grinder
  2512 | D:3      | Reached skill level 1 in Ice Magic
  2512 | D:3      | Reached XP level 5. HP: 34/34 MP: 7/9
  2512 | D:3      | Reached XP level 6. HP: 39/39 MP: 7/10
  2559 | D:3      | Learned a level 4 spell: Ice Form
  3246 | D:4      | Reached XP level 7. HP: 25/45 MP: 11/11
  3718 | D:4      | Identified a scroll of acquirement
  3718 | D:4      | Acquired 1112 gold pieces
  3846 | D:1      | Bought a +5 ring of evasion for 468 gold pieces
  3846 | D:1      | Bought a +6 ring of intelligence for 468 gold pieces
  4069 | D:3      | Found a runed translucent gate.
  4069 | D:3      | Found a runed translucent gate.
  4069 | D:3      | Found a runed translucent gate.
  4092 | D:3      | Killed Sigmund
  4254 | D:3      | Noticed olddryhag's ghost (amateur DsGl)
  4306 | D:5      | Entered Level 5 of the Dungeon
  4317 | D:5      | Noticed Eustachio
  4341 | D:4      | Killed Eustachio
  4429 | D:5      | Reached skill level 5 in Transmutations
  4434 | D:5      | Noticed Dowan
  4471 | D:5      | Noticed Duvessa
  4485 | D:5      | Killed Duvessa
  4486 | D:5      | Reached XP level 8. HP: 52/52 MP: 11/13
  4842 | D:5      | Killed Dowan
  4970 | D:5      | Found a staircase to the Ecumenical Temple.
  5124 | Temple   | Entered the Ecumenical Temple
  5270 | Temple   | Became a worshipper of Gozag Ym Sagoz the Greedy
  5566 | D:5      | Found a hide-covered altar of Uskayaw.
  5840 | D:5      | Noticed Blork the orc
  5852 | D:5      | Killed Blork the orc
  6010 | D:5      | Found Beutik's Armour Shoppe.
  6200 | D:6      | Found a radiant altar of Vehumet.
  6293 | D:6      | Found a blossoming altar of Fedhas.
  6369 | D:6      | Found a glowing silver altar of Zin.
  6396 | D:6      | Found a hazy altar of Hepliaklqana.
  6507 | D:6      | Found an ancient bone altar of Kikubaaqudgha.
  6519 | D:6      | Reached skill level 5 in Unarmed Combat
  6544 | D:6      | Reached XP level 9. HP: 58/58 MP: 15/15
  6582 | D:6      | Learned a level 7 spell: Storm Form
  6585 | D:6      | Learned a level 2 spell: Blink
  6609 | D:6      | Found a burning altar of Makhleb.
  6847 | D:6      | Found a shadowy altar of Dithmenos.
  6943 | D:7      | Reached skill level 1 in Air Magic
  7024 | D:7      | Found a bloodstained altar of Trog.
  7052 | D:7      | Found a shimmering altar of Xom.
  7461 | D:7      | Found a shimmering blue altar of Sif Muna.
  7637 | D:8      | Noticed a hornet
  7922 | D:8      | Killed a hornet
  7923 | D:8      | Reached skill level 5 in Dodging
  8003 | D:8      | Reached skill level 5 in Spellcasting
  8450 | D:8      | Found a white marble altar of Elyvilon.
  8450 | D:8      | Found a sparkling altar of Nemelex Xobeh.
  8532 | D:8      | Acquired 472 gold pieces
  8630 | D:9      | Noticed a troll
  8643 | D:9      | Killed a troll
  8752 | D:9      | Found a sacrificial altar of Ru.
  8838 | D:9      | Noticed a hornet
  8840 | D:9      | Paralysed by a hornet for 3 turns
  8848 | D:9      | Killed a hornet
  8849 | D:9      | Reached XP level 10. HP: 65/65 MP: 15/17
  9042 | D:9      | Reached skill level 5 in Fighting
  9835 | D:8      | Bought the ring "Poepp" {rC+ rCorr Int+6 Dex+6 Stlth+} for
                  | 781 gold pieces
  9904 | D:10     | Entered Level 10 of the Dungeon
  9962 | D:10     | Noticed a green ugly thing
  9975 | D:10     | Killed a green ugly thing
  9976 | D:10     | Reached skill level 5 in Air Magic
 10064 | D:10     | Found a staircase to the Lair.
 11058 | D:11     | Reached XP level 11. HP: 72/72 MP: 19/19
 11122 | D:11     | Noticed a boulder beetle
 11132 | D:11     | Killed a boulder beetle
 11160 | D:11     | Noticed a two-headed ogre
 11166 | D:11     | Noticed a two-headed ogre
 11310 | D:11     | Noticed a cyclops
 11353 | Lair:1   | Entered Level 1 of the Lair of Beasts
 12993 | Lair:2   | Noticed a death yak
 12993 | Lair:2   | Noticed a death yak
 13038 | Lair:2   | Noticed an oklob plant
 13038 | Lair:2   | Noticed a five-headed hydra
 13049 | Lair:2   | Killed a five-headed hydra
 13050 | Lair:2   | Reached skill level 10 in Transmutations
 13237 | Lair:2   | Reached XP level 12. HP: 80/80 MP: 20/22
 13352 | Lair:2   | Noticed a death yak
 13352 | Lair:2   | Noticed a death yak
 13674 | Lair:2   | Noticed a death yak
 13694 | Lair:2   | Noticed a death yak
 14344 | Lair:3   | Noticed Prince Ribbit
 14363 | Lair:3   | Killed Prince Ribbit
 14789 | Lair:3   | Gained mutation: You are dopey. (Int -2) [mutagenic glow]
 15049 | Lair:3   | Found a staircase to the Snake Pit.
 15403 | Lair:3   | Found a staircase to the Swamp.
 15532 | Lair:3   | Noticed a death yak
 15539 | Lair:3   | Reached XP level 13. HP: 61/87 MP: 20/24
 16413 | Lair:4   | Identified the ring "Ygroqila" {rCorr Dex+5}
 16549 | Lair:4   | Reached skill level 10 in Air Magic
 16964 | Lair:5   | Entered Level 5 of the Lair of Beasts
 16998 | Lair:5   | Noticed Rupert
 17457 | Lair:5   | Found a staircase to the Slime Pits.
 17545 | Lair:5   | Found a shimmering altar of Xom.
 17568 | Lair:5   | Killed Rupert
 17707 | Lair:5   | Found a dark tunnel.
 17724 | Volcano  | Entered a volcano
 17788 | Abyss:3  | Cast into level 3 of the Abyss (a wizard)
 17906 | Abyss:3  | Reached XP level 14. HP: 89/95 MP: 21/26
 18863 | Volcano  | Escaped the Abyss
 20655 | D:11     | Reached skill level 10 in Unarmed Combat
 21011 | D:11     | Found a staircase to the Orcish Mines.
 21576 | D:12     | Reached XP level 15. HP: 102/102 MP: 19/27
 21825 | D:12     | Noticed Kirke
 21838 | D:12     | Killed Kirke
 21839 | D:12     | Reached skill level 10 in Dodging
 22060 | D:12     | Identified the +2 ring mail of Zuschix {Dex+2}
 22257 | D:13     | Got the Handbook of Cleavage
 22794 | D:13     | Noticed purpskrrrp's ghost (journeyman DjFE)
 22800 | D:13     | Found a transporter.
 22815 | D:13     | Found a transporter.
 22995 | D:13     | Found a portal to a secret trove of treasure.
 22999 | D:13     | Reached skill level 10 in Fighting
 23293 | D:14     | Found a gate to the Vaults.
 23437 | D:14     | Noticed Snorg
 23448 | D:14     | Killed Snorg
 23848 | Orc:1    | Entered Level 1 of the Orcish Mines
 24081 | Orc:1    | You fall into a shaft and drop 1 floor!
 24081 | Orc:2    | Entered Level 2 of the Orcish Mines
 24263 | Orc:2    | Paralysed by an ogre mage for 4 turns
 24298 | Orc:2    | Reached XP level 16. HP: 110/110 MP: 28/28
 24300 | Orc:2    | Reached skill level 15 in Transmutations
 24318 | Orc:2    | Found Ufiagen's Magic Scroll Boutique.
 24318 | Orc:2    | Found Rerioqybb's Assorted Antiques.
 24350 | Orc:2    | Found Yxakeibb's Antique Weapon Shop.
 24350 | Orc:2    | Found Cittef's Jewellery Shoppe.
 24359 | Orc:2    | Bought an amulet of regeneration for 540 gold pieces
 24597 | Orc:2    | Found a staircase to the Elven Halls.
 25280 | Lair:2   | Bought the ring of the Magpie {*Corrode rElec rF+ rC+
                  | Str+7} for 826 gold pieces
 25280 | Lair:2   | Bought the ring "Urebi" {EV+5 Int+9 Slay+3} for 1117 gold
                  | pieces
 25469 | Orc:2    | Bought a +6 ring of intelligence for 648 gold pieces
 25469 | Orc:2    | Bought a +6 ring of intelligence for 648 gold pieces
 25609 | D:15     | Entered Level 15 of the Dungeon
 25749 | D:15     | Noticed Nessos
 25754 | D:15     | Noticed Jorgrun
 25764 | D:15     | Killed Jorgrun
 25770 | D:15     | Killed Nessos
 26389 | D:15     | Found a staircase to the Depths.
 27040 | D:3      | Killed olddryhag's ghost
 27376 | D:13     | Killed purpskrrrp's ghost
 27611 | Snake:1  | Entered Level 1 of the Snake Pit
 27620 | Snake:1  | Got the Excursus on Reshaped Phlogiston
 29255 | Snake:2  | Found Ithruqugi's Jewellery Emporium.
 29255 | Snake:2  | Found Vutun's Distillery.
 29620 | Snake:2  | Reached XP level 17. HP: 117/117 MP: 20/29
 29717 | Snake:2  | Reached skill level 15 in Air Magic
 30313 | Snake:2  | Acquired 1072 gold pieces
 30314 | Snake:2  | Acquired 993 gold pieces
 30315 | Snake:2  | Acquired 917 gold pieces
 30765 | Snake:3  | Found Xeoppal's Book Shoppe.
 30767 | Snake:3  | Found Kustehadi's Jewellery Boutique.
 30768 | Snake:3  | Found Voseumn's Book Shoppe.
 31607 | Snake:4  | Entered Level 4 of the Snake Pit
 32079 | Snake:4  | Found an iron altar of Okawaru.
 32547 | Snake:4  | Noticed Vashnia
 32577 | Snake:4  | Killed Vashnia
 32578 | Snake:4  | Reached XP level 18. HP: 84/127 MP: 23/30
 32717 | Snake:4  | Got a serpentine rune of Zot
 32994 | Lair:2   | Bought the Encyclopedia of the Icicle and Location for 598
                  | gold pieces
 33163 | Snake:3  | Bought a Fen Folio for 714 gold pieces
 33168 | Snake:3  | Learned a level 4 spell: Passage of Golubria
 33174 | Snake:3  | Learned a level 5 spell: Summon Forest
 33231 | Snake:2  | Bought a scroll of identify for 30 gold pieces
 33507 | Orc:2    | Bought a scroll of identify for 28 gold pieces
 33507 | Orc:2    | Bought a scroll of identify for 28 gold pieces
 33507 | Orc:2    | Bought a scroll of identify for 28 gold pieces
 33712 | Swamp:1  | Entered Level 1 of the Swamp
 33730 | Swamp:1  | Reached skill level 1 in Translocations
 33733 | Swamp:1  | Reached skill level 1 in Summonings
 33889 | Swamp:1  | Noticed Donald
 34155 | Swamp:1  | Noticed Nikola
 34168 | Swamp:1  | Killed Nikola
 34183 | Swamp:1  | Found a frozen archway.
 34197 | IceCv    | Entered an ice cave
 34232 | IceCv    | Found a transporter.
 34249 | IceCv    | Found a transporter.
 34413 | IceCv    | Got Sif Muna's Omnibus of the Flinty Hornet
 34556 | Swamp:1  | Killed Donald
 35735 | Swamp:3  | Noticed Pyudats's ghost (adept DsFi)
 35779 | Swamp:3  | Noticed a tentacled monstrosity
 35781 | Swamp:3  | Found a runed translucent gate.
 35781 | Swamp:3  | Found a runed translucent gate.
 35782 | Swamp:3  | Found a runed translucent gate.
 35802 | Swamp:3  | Reached skill level 5 in Summonings
 35802 | Swamp:3  | Reached skill level 5 in Translocations
 36351 | Swamp:3  | Killed a tentacled monstrosity
 36355 | Swamp:3  | Killed Pyudats's ghost
 36420 | Swamp:4  | Entered Level 4 of the Swamp
 36477 | Swamp:4  | Noticed Mara
 36530 | Swamp:4  | Noticed wormed's illusion
 36627 | Swamp:4  | Noticed wormed's illusion
 36627 | Swamp:4  | Killed Mara
 36715 | Swamp:4  | Reached XP level 19. HP: 135/135 MP: 31/31
 36875 | Swamp:4  | Noticed Mlioglotl
 36887 | Swamp:4  | Killed Mlioglotl
 37181 | Swamp:4  | Noticed the 27-headed Lernaean hydra
 37197 | Swamp:4  | Killed the 27-headed Lernaean hydra
 37372 | Swamp:4  | Got a decaying rune of Zot
 38299 | Snake:3  | Bought a Necronomicon for 672 gold pieces
 38441 | Lair:2   | Bought a book of Decay for 390 gold pieces
 38441 | Lair:2   | Bought an Everburning Encyclopedia for 468 gold pieces
 38904 | Vaults:1 | Entered Level 1 of the Vaults
 39351 | Snake:3  | Bought a book of Death for 528 gold pieces
 39355 | Snake:3  | Learned a level 3 spell: Swiftness
 41341 | Vaults:2 | Reached XP level 20. HP: 143/143 MP: 32/32
 42214 | Vaults:2 | Reached skill level 10 in Translocations
 42219 | Vaults:2 | Reached skill level 10 in Summonings
 42305 | Vaults:2 | Found Nudghim's Assorted Antiques.
 42599 | Vaults:3 | You fall into a shaft and drop 1 floor!
 42723 | Vaults:4 | Reached skill level 15 in Unarmed Combat
 42956 | Vaults:4 | Reached skill level 15 in Dodging
 43304 | Vaults:4 | Identified the +1 shortbow "Furphueth" {drain, Str+4}
 43831 | Vaults:3 | Found Yrha's Weapon Boutique.
 44027 | Vaults:3 | Reached XP level 21. HP: 149/150 MP: 33/33
 44030 | Vaults:3 | Noticed Zenata
 44043 | Vaults:3 | Reached skill level 15 in Fighting
 44063 | Vaults:3 | Killed Zenata
 45281 | Vaults:3 | Found a staircase to the Crypt.
 45513 | Elf:1    | Entered Level 1 of the Elven Halls
 45614 | Elf:1    | Found a large runed translucent door.
 45614 | Elf:1    | Found a large runed translucent door.
 45617 | Elf:1    | Noticed Opizon's ghost (journeyman TrFi)
 45647 | Elf:1    | Found Koxear's Distillery.
 46324 | D:13     | You paid a toll of a +6 demon blade to enter a treasure
                  | trove
 46325 | Trove    | Entered a treasure trove
 46334 | Trove    | Identified the ring of Tedalobb {rPois rC+ SInv}
 46341 | Trove    | Identified the ring "Vaunowas" {rC+ rN+ Str+6}
 46343 | Trove    | Identified the +1 kite shield of Onloh {+Inv}
 46344 | Trove    | Identified the ring "Jazoq" {Fly Int+5}
 46346 | Trove    | Identified the ring of Amaraps Oshro {Will+ Str+3 Slay+3}
 46822 | D:8      | Bought the ring of the Thirteen Youths {rElec rPois rF++
                  | Str-5 Int+6} for 673 gold pieces
 48034 | Elf:1    | Got the Compendium of Misery
 48315 | Elf:1    | Killed Opizon's ghost
 48386 | Elf:2    | Reached skill level 10 in Spellcasting
 48641 | Elf:2    | Found a transporter.
 48693 | Elf:2    | Found a transporter.
 48694 | Elf:2    | Found a bloodstained altar of Trog.
 48721 | Elf:2    | Noticed Opizon's ghost (journeyman TrFi)
 48842 | Elf:2    | Found a runed translucent gate.
 48845 | Elf:2    | Found a runed translucent gate.
 48847 | Elf:2    | Found a runed translucent gate.
 49648 | Elf:2    | Reached XP level 22. HP: 116/158 MP: 18/36
 49657 | Elf:2    | Killed Opizon's ghost
 49763 | Elf:3    | Entered Level 3 of the Elven Halls
 50213 | Elf:3    | Identified the +9 demon trident "Naugruak" {venom, Dex+6}
 50220 | Elf:3    | Identified the +4 great mace of Rulugut {freeze, *Noise Fly
                  | rF+++ rC+}
 50266 | Elf:3    | Found the +5 robe of Night {Dark Will+ SInv}
 50275 | Elf:3    | Learned a level 3 spell: Vhi's Electric Charge
 50284 | Elf:3    | Identified the +4 war axe "Madiy" {holy, +Blink}
 50307 | Elf:3    | Identified the amulet of the Three Beds {RegenMP +Inv Fly
                  | Str+4 Dex+2}
 50309 | Elf:3    | Identified the +4 sling "Liczec" {drain, rElec rC- Int+7
                  | Stlth+}
 50721 | Elf:3    | Found Kouzxao's Distillery.
 50727 | Elf:3    | Found Qeng's General Store.
 51915 | Depths:1 | Entered Level 1 of the Depths
 52748 | Depths:1 | Found a gateway to Hell.
 53039 | Depths:2 | Noticed an ancient lich
 53044 | Depths:2 | Reached XP level 23. HP: 165/165 MP: 39/39
 53051 | Depths:2 | Killed an ancient lich
 53497 | Depths:2 | Found a one-way gateway to a ziggurat.
 53516 | Depths:2 | Identified the +3 spear of the Two Names {heavy, rC+ rN+}
 53561 | Depths:2 | Found a one-way gate leading to the halls of Pandemonium.
 53707 | Depths:2 | Identified the +3 spear of Valour {flame, Int+3 Dex+4}
 53785 | Depths:2 | Identified the amulet "Wintib" {Spirit rElec rF+}
 54153 | Depths:2 | Identified the +1 cloak of Feaph {Dex+2}
 54245 | Depths:2 | Identified the +8 dagger of Fate {speed, *Noise rPois rF+
                  | Stlth+}
 54360 | Depths:3 | Noticed Xtahua
 54365 | Depths:3 | Killed Xtahua
 54508 | Depths:3 | Noticed Louise
 54510 | Depths:3 | Found a one-way gate to the infinite horrors of the Abyss.
 54514 | Depths:3 | Noticed Vv
 54518 | Depths:3 | Killed Louise
 54526 | Depths:3 | Killed Vv
 54721 | Depths:3 | Found Sackeytu's Distillery.
 55276 | Depths:3 | Noticed a dread lich
 55278 | Depths:3 | Found the +12 pair of quick blades "Gyre" and "Gimble"
                  | {protect}
 55284 | Depths:3 | Killed a dread lich
 55486 | Depths:4 | Entered Level 4 of the Depths
 55499 | Depths:4 | Noticed a golden dragon
 55506 | Depths:4 | Killed a golden dragon
 55949 | Depths:4 | Noticed a golden dragon
 55954 | Depths:4 | Killed a golden dragon
 55959 | Depths:4 | Reached XP level 24. HP: 154/173 MP: 32/40
 56167 | Depths:4 | Found a gate to the Realm of Zot.
 56772 | Slime:1  | Entered Level 1 of the Pits of Slime
 57726 | Slime:3  | Gained mutation: You have hidden genetic defects. [a
                  | shining eye]
 57728 | Slime:3  | Gained mutation: You do not regenerate when monsters are
                  | visible. [a shining eye]
 57731 | Slime:3  | Gained mutation: You are frail. (-10% HP) [a shining eye]
 58499 | Slime:3  | Lost mutation: You have hidden genetic defects. [potion of
                  | mutation]
 58499 | Slime:3  | Lost mutation: You do not regenerate when monsters are
                  | visible. [potion of mutation]
 58499 | Slime:3  | Gained mutation: You are agile. (Dex +4, Str/Int -1)
                  | [potion of mutation]
 58499 | Slime:3  | Gained mutation: Your magical capacity is low. (-10% MP)
                  | [potion of mutation]
 58499 | Slime:3  | Gained mutation: You are very agile. (Dex +8, Str/Int -2)
                  | [potion of mutation]
 58499 | Slime:3  | Gained mutation: One of your tentacles bears a spike.
                  | [potion of mutation]
 58682 | Slime:5  | Entered Level 5 of the Pits of Slime
 58856 | Slime:5  | Noticed the Royal Jelly
 58861 | Slime:5  | Killed the Royal Jelly
 59035 | Slime:5  | Got a slimy rune of Zot
 59107 | Slime:5  | Identified the +9 war axe "Kaciwk" {drain, rF+ SInv}
 60875 | D:1      | Bought the ring of Agnosticism {Will+ EV+5 Str+4} for 1026
                  | gold pieces
 61418 | Zot:1    | Entered Level 1 of the Realm of Zot
 61427 | Zot:1    | Reached skill level 15 in Spellcasting
 61437 | Zot:1    | Noticed a curse toe
 61447 | Zot:1    | Killed a curse toe
 61588 | Zot:1    | Noticed a curse toe
 61596 | Zot:1    | Killed a curse toe
 61597 | Zot:1    | Reached XP level 25. HP: 162/162 MP: 37/37
 62072 | Zot:1    | Found a huge runed gate.
 62072 | Zot:1    | Found a huge runed gate.
 62072 | Zot:1    | Found a huge runed gate.
 62073 | Zot:1    | Found a huge runed gate.
 62073 | Zot:1    | Found a huge runed gate.
 62073 | Zot:1    | Found a huge runed gate.
 62073 | Zot:1    | Found a huge runed gate.
 62074 | Zot:1    | Found a huge runed gate.
 62074 | Zot:1    | Found a huge runed gate.
 62074 | Zot:1    | Found a huge runed gate.
 62086 | Zot:1    | Found a huge runed gate.
 62086 | Zot:1    | Found a huge runed gate.
 62086 | Zot:1    | Found a huge runed gate.
 62086 | Zot:1    | Found a huge runed gate.
 62086 | Zot:1    | Found a huge runed gate.
 62088 | Zot:1    | Found a huge runed gate.
 62088 | Zot:1    | Found a huge runed gate.
 62088 | Zot:1    | Found a huge runed gate.
 62101 | Zot:1    | Found a huge runed gate.
 62203 | Zot:1    | Found a huge runed gate.
 62203 | Zot:1    | Found a huge runed gate.
 62203 | Zot:1    | Found a huge runed gate.
 62203 | Zot:1    | Found a huge runed gate.
 62203 | Zot:1    | Found a huge runed gate.
 62203 | Zot:1    | Found a huge runed gate.
 62349 | Zot:1    | Found a huge runed gate.
 62350 | Zot:1    | Found a huge runed gate.
 62350 | Zot:1    | Found a huge runed gate.
 62350 | Zot:1    | Found a huge runed gate.
 62350 | Zot:1    | Found a huge runed gate.
 62350 | Zot:1    | Found a huge runed gate.
 62352 | Zot:1    | Found a huge runed gate.
 62353 | Zot:1    | Found a huge runed gate.
 62354 | Zot:1    | Found a huge runed gate.
 62355 | Zot:1    | Found a huge runed gate.
 62356 | Zot:1    | Found a huge runed gate.
 62503 | Zot:1    | Noticed an orb of fire
 62503 | Zot:1    | Noticed an ancient lich
 62503 | Zot:1    | Noticed a Killer Klown
 62503 | Zot:1    | Noticed an orb of fire
 62504 | Zot:1    | Noticed a Killer Klown
 62509 | Zot:1    | Noticed a Killer Klown
 62510 | Zot:1    | Noticed a Killer Klown
 62512 | Zot:1    | Killed an orb of fire
 62513 | Zot:1    | Killed an orb of fire
 62518 | Zot:1    | Killed an ancient lich
 62520 | Zot:1    | Killed a Killer Klown
 62523 | Zot:1    | Killed a Killer Klown
 62525 | Zot:1    | Killed a Killer Klown
 62538 | Zot:1    | Killed a Killer Klown
 62580 | Zot:1    | Acquired a book of the Dragon
 62606 | Zot:2    | Identified the +10 glaive of Callousness {freeze, Int+3
                  | Dex+2}
 63282 | Zot:2    | Identified the +0 leather armour "Amut" {rElec Str+7 Dex+6}
 63701 | Zot:3    | Reached XP level 26. HP: 170/170 MP: 32/39
 63775 | Zot:3    | You are sucked into a shaft and drop 1 floor!
 64077 | Zot:3    | Noticed a dread lich
 64083 | Zot:3    | Killed a dread lich
 64085 | Zot:3    | Noticed a Killer Klown
 64094 | Zot:3    | Killed a Killer Klown
 64323 | Zot:3    | Got Coxzuaj's Handbook of Summoned Bewitchment
 65202 | Zot:4    | Identified the +3 quarterstaff "Vuohizarch" {flame, *Rage
                  | rF+ rC+}
 65784 | Zot:5    | Entered Level 5 of the Realm of Zot
 66004 | Zot:5    | Found a runed translucent door.
 66011 | Zot:5    | Noticed Zaets's ghost (veteran SpEn)
 66132 | Zot:5    | Noticed an orb of fire
 66177 | Zot:5    | Noticed a Killer Klown
 66178 | Zot:5    | Gained mutation: You occasionally shout uncontrollably at
                  | your foes. [an orb of fire]
 66183 | Zot:5    | Gained mutation: You do not regenerate when monsters are
                  | visible. [an orb of fire]
 66188 | Zot:5    | Gained mutation: You are very dopey. (Int -4) [an orb of
                  | fire]
 66191 | Zot:5    | Killed an orb of fire
 66194 | Zot:5    | Killed a Killer Klown
 66342 | Zot:5    | Noticed a Killer Klown
 66353 | Zot:5    | Killed a Killer Klown
 66473 | Zot:5    | Noticed an ancient lich
 66480 | Zot:5    | Killed an ancient lich
 66481 | Zot:5    | Reached XP level 27. HP: 180/180 MP: 34/39
 66514 | Zot:5    | Noticed an orb of fire
 66519 | Zot:5    | Killed an orb of fire
 66525 | Zot:5    | Noticed an orb of fire
 66525 | Zot:5    | Noticed an orb of fire
 66527 | Zot:5    | Noticed an ancient lich
 66528 | Zot:5    | Gained mutation: You are strong-willed. (Will+) [an orb of
                  | fire]
 66532 | Zot:5    | Killed an orb of fire
 66532 | Zot:5    | Gained mutation: Your magical capacity is very low. (-20%
                  | MP) [an orb of fire]
 66533 | Zot:5    | Killed an orb of fire
 66535 | Zot:5    | Killed an ancient lich
 66746 | Zot:5    | Noticed an orb of fire
 66746 | Zot:5    | Gained mutation: You are very frail. (-20% HP) [an orb of
                  | fire]
 66750 | Zot:5    | Gained mutation: You occasionally lose the ability to drink
                  | potions when taking damage. [an orb of fire]
 66751 | Zot:5    | Killed an orb of fire
 66760 | Zot:5    | Reached skill level 1 in Necromancy
 66878 | Zot:5    | Noticed an orb of fire
 66889 | Zot:5    | Killed an orb of fire
 66983 | Zot:5    | Killed Zaets's ghost
 67012 | Zot:5    | Lost mutation: Your magical capacity is very low. (-20% MP)
                  | [potion of mutation]
 67012 | Zot:5    | Lost mutation: One of your tentacles bears a spike. [potion
                  | of mutation]
 67012 | Zot:5    | Lost mutation: You are very dopey. (Int -4) [potion of
                  | mutation]
 67012 | Zot:5    | Gained mutation: You are somewhat resistant to further
                  | mutation. [potion of mutation]
 67013 | Zot:5    | Lost mutation: You are very frail. (-20% HP) [potion of
                  | mutation]
 67013 | Zot:5    | Lost mutation: You are frail. (-10% HP) [potion of
                  | mutation]
 67013 | Zot:5    | Lost mutation: You do not regenerate when monsters are
                  | visible. [potion of mutation]
 67014 | Zot:5    | Lost mutation: You are very agile. (Dex +8, Str/Int -2)
                  | [potion of mutation]
 67014 | Zot:5    | Lost mutation: You occasionally shout uncontrollably at
                  | your foes. [potion of mutation]
 67015 | Zot:5    | Lost mutation: You are agile. (Dex +4, Str/Int -1) [potion
                  | of mutation]
 67015 | Zot:5    | Lost mutation: Your magical capacity is low. (-10% MP)
                  | [potion of mutation]
 67015 | Zot:5    | Lost mutation: You are dopey. (Int -2) [potion of mutation]
 67016 | Zot:5    | Lost mutation: You are somewhat resistant to further
                  | mutation. [potion of mutation]
 67016 | Zot:5    | Lost mutation: You occasionally lose the ability to drink
                  | potions when taking damage. [potion of mutation]
 67016 | Zot:5    | Lost mutation: You are strong-willed. (Will+) [potion of
                  | mutation]
 67016 | Zot:5    | Gained mutation: Your body sometimes deteriorates upon
                  | taking damage. [potion of mutation]
 67080 | Zot:5    | Lost mutation: Your body sometimes deteriorates upon taking
                  | damage. [potion of mutation]
 67080 | Zot:5    | Gained mutation: You possess an exceptional clarity of
                  | mind. [potion of mutation]
 67080 | Zot:5    | Gained mutation: Your spells are a little harder to cast,
                  | but a little more powerful. [potion of mutation]
 67091 | Zot:5    | Learned a level 9 spell: Death's Door
 67098 | Zot:5    | Learned a level 6 spell: Death Channel
 67107 | Zot:5    | Learned a level 8 spell: Infestation
 67116 | Zot:5    | Learned a level 8 spell: Ignition
 67264 | Depths:3 | Voluntarily entered the Abyss.
 67332 | Abyss:3  | Found a corrupted altar of Lugonu.
 67341 | Abyss:3  | Found a corrupted altar of Lugonu.
 67516 | Abyss:3  | Reached skill level 5 in Necromancy
 67719 | Abyss:3  | Paralysed by you for 5 turns
 67860 | Abyss:3  | Found a corrupted altar of Lugonu.
 67936 | Abyss:4  | Found a corrupted altar of Lugonu.
 67965 | Abyss:4  | Found a corrupted altar of Lugonu.
 67970 | Abyss:4  | Found a corrupted altar of Lugonu.
 67970 | Abyss:4  | Found a corrupted altar of Lugonu.
 68015 | Abyss:4  | Found a corrupted altar of Lugonu.
 68016 | Abyss:4  | Got an abyssal rune of Zot
 68024 | Depths:3 | Escaped the Abyss
 68291 | Crypt:1  | Entered Level 1 of the Crypt
 68323 | Crypt:1  | Found a magical portal.
 68328 | WizLab   | Entered Borgnjor's Mausoleum
 68553 | WizLab   | Reached skill level 10 in Necromancy
 68734 | WizLab   | Identified the ring "Uggegeh" {*Slow Will++ Dex+6 Stlth+}
 68990 | Crypt:1  | Found an opulent altar of Gozag.
 68997 | Crypt:1  | Found a runed translucent gate.
 68997 | Crypt:1  | Found a runed translucent gate.
 68997 | Crypt:1  | Found a runed translucent gate.
 68997 | Crypt:1  | Noticed Olih Byd's ghost (adept GrFi)
 68998 | Crypt:1  | Noticed a dread lich
 69003 | Crypt:1  | Found Leexequs's Assorted Antiques.
 69013 | Crypt:1  | Killed Olih Byd's ghost
 69013 | Crypt:1  | Killed a dread lich
 69220 | Crypt:1  | Identified the +4 short sword of Duty {holy, Fragile Int+2
                  | SInv}
 69790 | Crypt:1  | Bought a tourmaline ring for 150 gold pieces
 70817 | Crypt:3  | Entered Level 3 of the Crypt
 70835 | Crypt:3  | Noticed an ancient lich
 70841 | Crypt:3  | Killed an ancient lich
 71127 | Crypt:3  | Reached skill level 15 in Necromancy
 71441 | Crypt:3  | Identified the ring "Damof" {rF+ rC- rN+ Int+2 Dex+2}
 71721 | Crypt:3  | Found a staircase to the Tomb.
 72008 | Crypt:3  | Found a basalt altar of Yredelemnul.
 72015 | Crypt:3  | Found an ancient bone altar of Kikubaaqudgha.
 72086 | Crypt:3  | Identified the +10 spear of Misery {vamp, rElec rPois Dex+4
                  | SInv}
 72429 | Crypt:3  | Acquired 645 gold pieces
 73263 | Hell     | Entered the Vestibule of Hell
 73263 | Hell     | Noticed Geryon
 73275 | Hell     | Killed Geryon
 73417 | Hell     | Found a gateway to the ashen valley of Gehenna.
 73692 | Hell     | Found a gateway to the freezing wastes of Cocytus.
 73857 | Hell     | Found a gateway to the Iron City of Dis.
 74077 | Hell     | Found a gateway to the decaying netherworld of Tartarus.
 74189 | Geh:1    | Entered Level 1 of Gehenna
 74253 | Tar:1    | Entered Level 1 of Tartarus
 74429 | Tar:1    | Noticed a dread lich
 74433 | Tar:1    | Killed a dread lich
 74759 | Lair:2   | Bought the ring of Zotapeiz {rCorr Dex+6 SInv} for 603 gold
                  | pieces
 75822 | Tar:3    | You are sucked into a shaft and drop 1 floor!
 76685 | Tar:7    | Entered Level 7 of Tartarus
 78223 | Tar:7    | Identified the +9 morningstar "Luhywk" {heavy, Fragile
                  | rElec SInv Stlth+}
 78916 | Tar:7    | Got the Notes on Illusion and Configuration
 78993 | Tar:7    | Noticed Ereshkigal
 79005 | Tar:7    | Paralysed by Ereshkigal for 4 turns
 79014 | Tar:7    | Killed Ereshkigal
 79307 | Tar:7    | Identified the ring "Nyupuole" {*Corrode rF+ rN+ SInv}
 79313 | Tar:7    | Got a bone rune of Zot
 79805 | Vaults:5 | Entered Level 5 of the Vaults
 79882 | Vaults:5 | Identified the +7 whip "Anuthio" {flame, *Rage rElec rPois
                  | rC+}
 80386 | Vaults:5 | Identified the ring of Toga {Will+ MP+9 Str+7 Dex+2 SInv}
 80418 | Vaults:5 | Reached skill level 27 in Necromancy
 80422 | Vaults:5 | Found the +8 Vampire's Tooth {vamp}
 80520 | Vaults:5 | Got a silver rune of Zot
 80590 | Vaults:5 | Identified the amulet "Ceaholep" {Acrobat rF+++ MP+9
                  | Stlth+}
 80607 | Vaults:5 | Identified the ring of the Jackalope {AC+4 Dex+5 SInv}
 80844 | Vaults:5 | Identified the +0 scale mail of Snakes and Ladders {Stlth+}
 80853 | Vaults:5 | Identified the amulet "Dogravasun" {Acrobat Drain rC+ rN++}
 80940 | Vaults:5 | Identified the +10 shortbow "Miesas" {antimagic, Str+5}
 81146 | Vaults:5 | Found the +0 staff of Battle
 81170 | Vaults:5 | Found the +8 whip "Snakebite" {venom, curare, rPois}
 81172 | Vaults:5 | Got Sif Muna's Teachings on the Pyromaniac
 84834 | Geh:7    | Entered Level 7 of Gehenna
 85846 | Geh:7    | Found the +7 sceptre of Asmodeus
 85846 | Geh:7    | Noticed Asmodeus
 85875 | Geh:7    | Killed Asmodeus
 86182 | Geh:7    | Got an obsidian rune of Zot
 87528 | Pan      | Entered Pandemonium
 87555 | Pan      | Noticed Ykhempuh the pandemonium lord
 87565 | Pan      | Killed Ykhempuh the pandemonium lord
 87699 | Pan      | Entered the realm of Mnoleg.
 87759 | Pan      | Gained mutation: Potions are less effective at restoring
                  | your health. [a cacodemon]
 87875 | Pan      | Gained mutation: You are clumsy. (Dex -2) [a neqoxec]
 87884 | Pan      | Gained mutation: You are weak. (Str -2) [a neqoxec]
 87901 | Pan      | Noticed Mnoleg
 87914 | Pan      | Killed Mnoleg
 87919 | Pan      | Lost mutation: Your spells are a little harder to cast, but
                  | a little more powerful. [a neqoxec]
 87919 | Pan      | Gained mutation: You are very weak. (Str -4) [a neqoxec]
 87932 | Pan      | Reached skill level 27 in Unarmed Combat
 88117 | Pan      | Got a glowing rune of Zot
 88187 | Pan      | Lost mutation: Potions are less effective at restoring your
                  | health. [potion of mutation]
 88187 | Pan      | Lost mutation: You are very weak. (Str -4) [potion of
                  | mutation]
 88187 | Pan      | Lost mutation: You are clumsy. (Dex -2) [potion of
                  | mutation]
 88187 | Pan      | Gained mutation: You are somewhat resistant to further
                  | mutation. [potion of mutation]
 88187 | Pan      | Gained mutation: You are strong-willed. (Will+) [potion of
                  | mutation]
 88188 | Pan      | Lost mutation: You are somewhat resistant to further
                  | mutation. [potion of mutation]
 88188 | Pan      | Lost mutation: You are weak. (Str -2) [potion of mutation]
 88188 | Pan      | Gained mutation: Your system is resistant to poisons.
                  | (rPois) [potion of mutation]
 88188 | Pan      | Gained mutation: One of your tentacles bears a spike.
                  | [potion of mutation]
 88226 | Pan      | Noticed Unneiguc the pandemonium lord
 88238 | Pan      | Killed Unneiguc the pandemonium lord
 88268 | Pan      | Got a demonic rune of Zot
 88734 | Pan      | Entered the realm of Lom Lobon.
 89531 | Pan      | Noticed Lom Lobon
 89537 | Pan      | Killed Lom Lobon
 89732 | Pan      | Got a magical rune of Zot
 90014 | Pan      | Entered the realm of Cerebov.
 90058 | Pan      | Found the +6 sword of Cerebov {flame}
 90058 | Pan      | Noticed Cerebov
 90076 | Pan      | Killed Cerebov
 90414 | Pan      | Got a fiery rune of Zot
 90523 | Pan      | Identified the +9 whip "Grum" {holy, rElec rPois Int+4}
 90527 | Pan      | Identified the +11 longbow "Pimec" {heavy, rPois rC- MP+9}
 90531 | Pan      | Identified the +9 longbow of Slow Death {speed, rElec}
 90613 | Pan      | Identified the +6 dagger "Qiveuroj" {freeze, rElec Str-5
                  | Int+2 Stlth+}
 90658 | Pan      | Noticed Mennas
 90671 | Pan      | Killed Mennas
 90785 | Pan      | Noticed Aryt the pandemonium lord
 90794 | Pan      | Killed Aryt the pandemonium lord
 91119 | Pan      | Found an exit through the horrors of the Abyss.
 91134 | Pan      | Entered the realm of Gloorx Vloq.
 91426 | Pan      | Noticed Gloorx Vloq
 91432 | Pan      | Killed Gloorx Vloq
 91711 | Pan      | Got a dark rune of Zot
 91931 | Pan      | Found an opulent altar of Gozag.
 91954 | Pan      | Found Xuyqautzoa's Fine Accessories.
 91958 | Pan      | Found an opulent altar of Gozag.
 91958 | Pan      | Noticed a dread lich
 91959 | Pan      | Found Xuyqautzoa's Quality Elixirs.
 91962 | Pan      | Killed a dread lich
 91963 | Pan      | Found an opulent altar of Gozag.
 91973 | Pan      | Bought 2 potions of mutation for 320 gold pieces
 91973 | Pan      | Bought a potion of magic for 160 gold pieces
 91973 | Pan      | Bought a potion of resistance for 200 gold pieces
 91973 | Pan      | Bought a potion of heal wounds for 100 gold pieces
 91973 | Pan      | Bought 2 potions of heal wounds for 200 gold pieces
 91973 | Pan      | Bought a potion of brilliance for 80 gold pieces
 91973 | Pan      | Bought a potion of invisibility for 160 gold pieces
 91973 | Pan      | Bought a potion of invisibility for 160 gold pieces
 91994 | Pan      | Found Xuyqautzoa's Assorted Sundries.
 92024 | Pan      | Bought a potion of curing for 66 gold pieces
 92024 | Pan      | Bought a scroll of teleportation for 66 gold pieces
 92195 | Pan      | Found an exit through the horrors of the Abyss.
 92601 | Depths:2 | Escaped Pandemonium
 92683 | Coc:1    | Entered Level 1 of Cocytus
 93344 | Coc:3    | Noticed an ancient lich
 93347 | Coc:3    | Killed an ancient lich
 93657 | Coc:4    | Noticed a dread lich
 93660 | Coc:4    | Killed a dread lich
 94478 | Coc:6    | Noticed an ancient lich
 94482 | Coc:6    | Killed an ancient lich
 94847 | Coc:7    | Entered Level 7 of Cocytus
 94942 | Coc:7    | Noticed an ancient lich
 94959 | Coc:7    | Reached skill level 27 in Dodging
 95487 | Coc:7    | Identified the +5 flail of Wuzaral {holy, Fly rElec Str+4}
 96032 | Coc:7    | Killed an ancient lich
 96050 | Coc:7    | Reached skill level 27 in Fighting
 96051 | Coc:7    | Reached skill level 1 in Fire Magic
 96203 | Coc:7    | Reached skill level 5 in Fire Magic
 96239 | Coc:7    | Noticed Antaeus
 96253 | Coc:7    | Killed Antaeus
 96462 | Coc:7    | Got an icy rune of Zot
 96915 | Dis:1    | Entered Level 1 of the Iron City of Dis
 97245 | Dis:3    | You are sucked into a shaft and drop 3 floors!
 97388 | Dis:6    | Reached skill level 10 in Fire Magic
 97575 | Dis:7    | Entered Level 7 of the Iron City of Dis
 98823 | Dis:7    | Noticed the Serpent of Hell
 98833 | Dis:7    | Killed the Serpent of Hell
 98881 | Dis:7    | Found the +4 staff of Dispater
 98881 | Dis:7    | Noticed Dispater
 98894 | Dis:7    | Killed Dispater
 99113 | Dis:7    | Got an iron rune of Zot
 99177 | Dis:7    | Found the +3 salamander hide armour {Flames rF++ rC--}
 99244 | Dis:7    | Identified the +9 spear "Lois" {vamp, *Corrode rF++ Will-
                  | SInv}
 99593 | Dis:7    | Reached skill level 15 in Fire Magic
 99783 | Dis:7    | Found the +3 pair of mountain boots {steadfast, rC+}
102021 | Tomb:1   | Entered Level 1 of the Tomb of the Ancients
102895 | Tomb:1   | Noticed a royal mummy
102898 | Tomb:1   | Killed a royal mummy
103095 | Tomb:1   | Gained mutation: You are weak. (Str -2) [a neqoxec]
103263 | Tomb:1   | Identified the ring of Trepidation {Fire *Slow rN+ MP+9}
103624 | Tomb:1   | Learned a level 5 spell: Silence
103652 | Tomb:2   | Noticed a royal mummy
103659 | Tomb:2   | Noticed a royal mummy
103663 | Tomb:2   | Killed a royal mummy
103958 | Tomb:2   | Noticed a royal mummy
104539 | Tomb:2   | Noticed a royal mummy
104539 | Tomb:2   | Noticed a royal mummy
104545 | Tomb:2   | Killed a royal mummy
105258 | Tomb:2   | Killed a royal mummy
105264 | Tomb:2   | Killed a royal mummy
106048 | Tomb:2   | Killed a royal mummy
106653 | Tomb:1   | Noticed a royal mummy
106653 | Tomb:1   | Noticed a royal mummy
106655 | Tomb:1   | Killed a royal mummy
106656 | Tomb:1   | Noticed a royal mummy
106658 | Tomb:1   | Killed a royal mummy
106659 | Tomb:1   | Noticed a royal mummy
106661 | Tomb:1   | Killed a royal mummy
106663 | Tomb:1   | Killed a royal mummy
106664 | Tomb:1   | Noticed a royal mummy
106664 | Tomb:1   | Noticed a royal mummy
106664 | Tomb:1   | Noticed a royal mummy
106667 | Tomb:1   | Killed a royal mummy
106670 | Tomb:1   | Noticed a royal mummy
106671 | Tomb:1   | Killed a royal mummy
106671 | Tomb:1   | Killed a royal mummy
106675 | Tomb:1   | Killed a royal mummy
106692 | Tomb:1   | Noticed a royal mummy
106696 | Tomb:1   | Noticed a royal mummy
106699 | Tomb:1   | Killed a royal mummy
106701 | Tomb:1   | Noticed a royal mummy
106704 | Tomb:1   | Killed a royal mummy
106705 | Tomb:1   | Noticed a royal mummy
106708 | Tomb:1   | Killed a royal mummy
106708 | Tomb:1   | Noticed a royal mummy
106713 | Tomb:1   | Killed a royal mummy
106715 | Tomb:1   | Killed a royal mummy
106724 | Tomb:1   | Noticed a royal mummy
106727 | Tomb:1   | Noticed a royal mummy
106729 | Tomb:1   | Killed a royal mummy
106734 | Tomb:1   | Killed a royal mummy
106763 | Tomb:1   | Noticed a royal mummy
106764 | Tomb:1   | Noticed a royal mummy
106764 | Tomb:1   | Noticed a royal mummy
106766 | Tomb:1   | Killed a royal mummy
106767 | Tomb:1   | Killed a royal mummy
106772 | Tomb:1   | Killed a royal mummy
107644 | Tomb:3   | Entered Level 3 of the Tomb of the Ancients
108147 | Tomb:3   | Noticed a royal mummy
108152 | Tomb:3   | Noticed a royal mummy
108158 | Tomb:3   | Killed a royal mummy
108159 | Tomb:3   | Killed a royal mummy
108683 | Tomb:3   | Noticed a royal mummy
108683 | Tomb:3   | Noticed a royal mummy
108683 | Tomb:3   | Noticed a royal mummy
108698 | Tomb:3   | Killed a royal mummy
109038 | Tomb:3   | Noticed a royal mummy
109047 | Tomb:3   | Killed a royal mummy
109049 | Tomb:3   | Killed a royal mummy
109684 | Tomb:3   | Killed a royal mummy
110226 | Tomb:3   | Noticed a royal mummy
110236 | Tomb:3   | Killed a royal mummy
110281 | Tomb:3   | Noticed a royal mummy
110285 | Tomb:3   | Killed a royal mummy
110294 | Tomb:3   | Noticed a royal mummy
110305 | Tomb:3   | Killed a royal mummy
110399 | Tomb:3   | Identified the +11 sling of Makhleb's Favour {heavy, rC+
                  | Int+6 Dex+6}
110527 | Tomb:3   | Identified the +6 scimitar "Hoxodod" {antimagic, Str+2}
110647 | Tomb:3   | Got a golden rune of Zot
110700 | Tomb:3   | Found the +11 Singing Sword {sonic wave}
110750 | Tomb:3   | Identified the +6 rapier of the Shark {drain, rPois Str+6}
110753 | Tomb:3   | Identified the +4 demon whip "Concordance" {venom, Int+6
                  | Dex-4 Stlth+}
110771 | Tomb:3   | Identified the +2 pair of gloves "Zeic" {SInv}
111268 | Zig:1    | Entered Level 1 of a ziggurat
111297 | Zig:2    | Entered Level 2 of a ziggurat
111315 | Zig:3    | Entered Level 3 of a ziggurat
111337 | Zig:4    | Entered Level 4 of a ziggurat
111369 | Zig:5    | Entered Level 5 of a ziggurat
111374 | Zig:5    | Noticed Oneqodwiec the pandemonium lord
111387 | Zig:5    | Killed Oneqodwiec the pandemonium lord
111467 | Zig:6    | Entered Level 6 of a ziggurat
111540 | Zig:7    | Entered Level 7 of a ziggurat
111650 | Zig:8    | Entered Level 8 of a ziggurat
111721 | Zig:8    | Identified the +5 great sword "Zinwearphal" {speed, rCorr
                  | Int+4 Dex-4}
111731 | Zig:9    | Entered Level 9 of a ziggurat
111797 | Zig:9    | Identified the +2 dagger of the Hand {heavy, rPois rC-
                  | Str+3 Int+3}
111798 | Zig:9    | Identified the +7 hand axe "Orb Guardian's Doom"
                  | {antimagic, rPois}
111800 | Zig:9    | Got the Thoughts on Aeromancy
111801 | Zig:9    | Identified the +9 long sword "Devungej" {heavy, rPois Str+5
                  | Int+7}
111822 | Zig:10   | Entered Level 10 of a ziggurat
111923 | Zig:10   | Identified the +6 arbalest of Indomitability {penet,
                  | Stlth+}
111932 | Zig:10   | Identified the +4 glaive "Jifoaneary" {speed, rC- Will+++
                  | Str+3}
111945 | Zig:11   | Entered Level 11 of a ziggurat
112096 | Zig:11   | Identified the ring "Qaklewitz" {rC+ Str+7}
112109 | Zig:12   | Entered Level 12 of a ziggurat
112198 | Zig:12   | Identified the ring "Reishofer" {rElec rPois rC- rCorr
                  | SInv}
112243 | Zig:13   | Entered Level 13 of a ziggurat
112259 | Zig:13   | Noticed Aphyam the pandemonium lord
112264 | Zig:13   | Noticed Quentam the pandemonium lord
112267 | Zig:13   | Killed Aphyam the pandemonium lord
112269 | Zig:13   | Noticed Qiekhy the pandemonium lord
112272 | Zig:13   | Noticed Voc Ifoa the pandemonium lord
112273 | Zig:13   | Killed Quentam the pandemonium lord
112274 | Zig:13   | Noticed Fyuc the pandemonium lord
112284 | Zig:13   | Killed Fyuc the pandemonium lord
112289 | Zig:13   | Killed Qiekhy the pandemonium lord
112291 | Zig:13   | Found the +4 skin of Zhor {*Englaciate rC+++ SInv}
112293 | Zig:13   | Killed Voc Ifoa the pandemonium lord
112743 | Zig:13   | Identified the +7 trident of the Fifty Allies {venom, rN+
                  | Int+6}
112756 | Zig:13   | Lost mutation: You are weak. (Str -2) [potion of mutation]
112756 | Zig:13   | Lost mutation: Your system is resistant to poisons. (rPois)
                  | [potion of mutation]
112756 | Zig:13   | Lost mutation: You are strong-willed. (Will+) [potion of
                  | mutation]
112756 | Zig:13   | Gained mutation: You have a pair of small antennae on your
                  | head. [potion of mutation]
112756 | Zig:13   | Gained mutation: You are partially covered in iridescent
                  | scales. (AC +2) [potion of mutation]
112756 | Zig:13   | Gained mutation: You are strong-willed. (Will+) [potion of
                  | mutation]
112765 | Zig:14   | Entered Level 14 of a ziggurat
112798 | Zig:14   | Noticed an orb of fire
112799 | Zig:14   | Noticed an orb of fire
112800 | Zig:14   | Noticed an orb of fire
112804 | Zig:14   | Killed an orb of fire
112808 | Zig:14   | Identified the ring of Lerchir {Fly rC- Int+4}
112809 | Zig:14   | Identified the +2 mace of Compulsion {drain, rPois rN++
                  | Will- Dex+2}
112813 | Zig:15   | Entered Level 15 of a ziggurat
112835 | Zig:15   | Noticed Avvuonoh the pandemonium lord
112843 | Zig:15   | Killed Avvuonoh the pandemonium lord
112847 | Zig:15   | Gained mutation: Your magical capacity is low. (-10% MP) [a
                  | cacodemon]
112849 | Zig:15   | Noticed Diebud the pandemonium lord
112855 | Zig:15   | Killed Diebud the pandemonium lord
112856 | Zig:15   | Reached skill level 27 in Fire Magic
112866 | Zig:15   | Noticed Erisodoa the pandemonium lord
112871 | Zig:15   | Noticed Ilujegel the pandemonium lord
112879 | Zig:15   | Noticed Senejes the pandemonium lord
112884 | Zig:15   | Killed Ilujegel the pandemonium lord
112905 | Zig:15   | Killed Erisodoa the pandemonium lord
112918 | Zig:15   | Killed Senejes the pandemonium lord
113357 | Zig:15   | Identified the ring of Kikubaaqudgha's Whim {Fire Will+}
113366 | Zig:15   | Identified the +8 battleaxe "Ugyico Ureo" {spect, rElec rF-
                  | Str+2 Int+2}
113368 | Zig:15   | Identified the +1 great sword of Charmed Reinforcement
                  | {freeze, Will- MP+9 Dex+3}
113401 | Zig:16   | Entered Level 16 of a ziggurat
113601 | Zig:16   | Identified the +3 hand axe "Qut Pov" {heavy, rElec rC++}
113614 | Zig:16   | Identified the +1 leather armour of an ice cave {rN++}
113630 | Zig:16   | Got Rohastaz's Information on Relocation and Apparitions
113678 | Zig:17   | Entered Level 17 of a ziggurat
113691 | Zig:17   | Noticed Xynat the pandemonium lord
113693 | Zig:17   | Noticed Moluciv the pandemonium lord
113693 | Zig:17   | Noticed Caseo the pandemonium lord
113695 | Zig:17   | Noticed Wiext the pandemonium lord
113695 | Zig:17   | Noticed Qufag the pandemonium lord
113695 | Zig:17   | Noticed Xemalats the pandemonium lord
113697 | Zig:17   | Killed Caseo the pandemonium lord
113707 | Zig:17   | Killed Moluciv the pandemonium lord
113707 | Zig:17   | Killed Qufag the pandemonium lord
113708 | Zig:17   | Noticed Qiulud the pandemonium lord
113710 | Zig:17   | Killed Xynat the pandemonium lord
113711 | Zig:17   | Noticed Vuyjal the pandemonium lord
113712 | Zig:17   | Killed Xemalats the pandemonium lord
113719 | Zig:17   | Killed Wiext the pandemonium lord
113726 | Zig:17   | Killed Vuyjal the pandemonium lord
113726 | Zig:17   | Killed Qiulud the pandemonium lord
114178 | Zig:17   | Identified the ring of Neunlo Muxibb {Fly AC+4 Int+2 Dex+5}
114185 | Zig:17   | Identified the +10 long sword of Bloodstone {heavy, rPois
                  | rC+}
114213 | Zig:18   | Entered Level 18 of a ziggurat
114232 | Zig:18   | Noticed a dread lich
114245 | Zig:18   | Killed a dread lich
114703 | Zig:18   | Identified the +6 bardiche of Generosity {protect, rElec
                  | rC- Str+6 Dex+3}
114718 | Zig:18   | Identified the +4 flail of the Purse {flame, rF+}
114740 | Zig:18   | Lost mutation: You have a pair of small antennae on your
                  | head. [potion of mutation]
114740 | Zig:18   | Lost mutation: You possess an exceptional clarity of mind.
                  | [potion of mutation]
114740 | Zig:18   | Lost mutation: Your magical capacity is low. (-10% MP)
                  | [potion of mutation]
114740 | Zig:18   | Gained mutation: You do not regenerate when monsters are
                  | visible. [potion of mutation]
114740 | Zig:18   | Gained mutation: You are clumsy. (Dex -2) [potion of
                  | mutation]
114740 | Zig:18   | Gained mutation: You sometimes lose your temper in combat.
                  | [potion of mutation]
114741 | Zig:18   | Lost mutation: You are strong-willed. (Will+) [potion of
                  | mutation]
114741 | Zig:18   | Lost mutation: You are partially covered in iridescent
                  | scales. (AC +2) [potion of mutation]
114741 | Zig:18   | Lost mutation: You are clumsy. (Dex -2) [potion of
                  | mutation]
114741 | Zig:18   | Lost mutation: You sometimes lose your temper in combat.
                  | [potion of mutation]
114741 | Zig:18   | Gained mutation: You are strong-willed. (Will+) [potion of
                  | mutation]
114741 | Zig:18   | Gained mutation: Your muscles are strong. (Str +4, Int/Dex
                  | -1) [potion of mutation]
114742 | Zig:18   | Lost mutation: You do not regenerate when monsters are
                  | visible. [potion of mutation]
114742 | Zig:18   | Lost mutation: Your muscles are strong. (Str +4, Int/Dex
                  | -1) [potion of mutation]
114742 | Zig:18   | Lost mutation: One of your tentacles bears a spike. [potion
                  | of mutation]
114742 | Zig:18   | Gained mutation: You have very sharp teeth. [potion of
                  | mutation]
114742 | Zig:18   | Gained mutation: You have hidden genetic defects. [potion
                  | of mutation]
114743 | Zig:18   | Lost mutation: You are strong-willed. (Will+) [potion of
                  | mutation]
114743 | Zig:18   | Lost mutation: You have very sharp teeth. [potion of
                  | mutation]
114743 | Zig:18   | Lost mutation: You have hidden genetic defects. [potion of
                  | mutation]
114743 | Zig:18   | Gained mutation: You are vulnerable to cold. (rC-) [potion
                  | of mutation]
114744 | Zig:18   | Lost mutation: You are vulnerable to cold. (rC-) [potion of
                  | mutation]
114744 | Zig:18   | Gained mutation: You passively map a small area around you.
                  | [potion of mutation]
114744 | Zig:18   | Gained mutation: Your body sometimes deteriorates upon
                  | taking damage. [potion of mutation]
114745 | Zig:18   | Lost mutation: You passively map a small area around you.
                  | [potion of mutation]
114745 | Zig:18   | Lost mutation: Your body sometimes deteriorates upon taking
                  | damage. [potion of mutation]
114745 | Zig:18   | Gained mutation: Potions are less effective at restoring
                  | your health. [potion of mutation]
114745 | Zig:18   | Gained mutation: You have hidden genetic potential. [potion
                  | of mutation]
114746 | Zig:18   | Lost mutation: Potions are less effective at restoring your
                  | health. [potion of mutation]
114746 | Zig:18   | Lost mutation: You have hidden genetic potential. [potion
                  | of mutation]
114746 | Zig:18   | Gained mutation: Your spells are a little harder to cast,
                  | but a little more powerful. [potion of mutation]
114746 | Zig:18   | Lost mutation: Your spells are a little harder to cast, but
                  | a little more powerful. [potion of mutation]
114746 | Zig:18   | Gained mutation: You occasionally lose the ability to read
                  | scrolls when taking damage. [potion of mutation]
114746 | Zig:18   | Gained mutation: You passively dampen the noise of your
                  | surroundings. [potion of mutation]
114747 | Zig:18   | Lost mutation: You passively dampen the noise of your
                  | surroundings. [potion of mutation]
114747 | Zig:18   | Lost mutation: You occasionally lose the ability to read
                  | scrolls when taking damage. [potion of mutation]
114747 | Zig:18   | Gained mutation: You have a beak for a mouth. [potion of
                  | mutation]
114747 | Zig:18   | Gained mutation: You occasionally shout uncontrollably at
                  | your foes. [potion of mutation]
114747 | Zig:18   | Gained mutation: Your system is resistant to poisons.
                  | (rPois) [potion of mutation]
114748 | Zig:18   | Lost mutation: You have a beak for a mouth. [potion of
                  | mutation]
114748 | Zig:18   | Lost mutation: Your system is resistant to poisons. (rPois)
                  | [potion of mutation]
114748 | Zig:18   | Gained mutation: You are strong-willed. (Will+) [potion of
                  | mutation]
114748 | Zig:18   | Gained mutation: You are highly strong-willed. (Will++)
                  | [potion of mutation]
114749 | Zig:18   | Lost mutation: You are highly strong-willed. (Will++)
                  | [potion of mutation]
114749 | Zig:18   | Lost mutation: You are strong-willed. (Will+) [potion of
                  | mutation]
114749 | Zig:18   | Gained mutation: Your flesh is cold resistant. (rC+)
                  | [potion of mutation]
114749 | Zig:18   | Gained mutation: You are partially covered in large bone
                  | plates. (SH +4) [potion of mutation]
114750 | Zig:18   | Lost mutation: You occasionally shout uncontrollably at
                  | your foes. [potion of mutation]
114750 | Zig:18   | Lost mutation: You are partially covered in large bone
                  | plates. (SH +4) [potion of mutation]
114776 | Zig:19   | Entered Level 19 of a ziggurat
115053 | Zig:19   | Identified the +4 mace "Kirawoyd" {venom, Fragile rF+++ rC+
                  | Str+4}
115060 | Zig:19   | Identified the +2 battleaxe of Watchfulness {pain, Str+4}
115073 | Zig:19   | Identified the +3 leather armour of Orthodoxy {rC+ Int+2}
115119 | Zig:20   | Entered Level 20 of a ziggurat
115158 | Zig:20   | Noticed Xul Wyiss the pandemonium lord
115159 | Zig:20   | Noticed Gaiguk the pandemonium lord
115162 | Zig:20   | Killed Gaiguk the pandemonium lord
115166 | Zig:20   | Noticed Ucwuff the pandemonium lord
115166 | Zig:20   | Noticed Qyitaug the pandemonium lord
115167 | Zig:20   | Noticed Liemian the pandemonium lord
115167 | Zig:20   | Noticed Anogaki the pandemonium lord
115169 | Zig:20   | Noticed Xaitt the pandemonium lord
115169 | Zig:20   | Killed Anogaki the pandemonium lord
115170 | Zig:20   | Noticed Dos Wyes the pandemonium lord
115171 | Zig:20   | Noticed Semegi the pandemonium lord
115172 | Zig:20   | Noticed Laopp the pandemonium lord
115174 | Zig:20   | Killed Qyitaug the pandemonium lord
115174 | Zig:20   | Noticed Feji the pandemonium lord
115175 | Zig:20   | Noticed Juvam the pandemonium lord
115175 | Zig:20   | Noticed Qocwopt the pandemonium lord
115175 | Zig:20   | Killed Liemian the pandemonium lord
115180 | Zig:20   | Killed Semegi the pandemonium lord
115183 | Zig:20   | Killed Xul Wyiss the pandemonium lord
115183 | Zig:20   | Killed Xaitt the pandemonium lord
115208 | Zig:20   | Killed Juvam the pandemonium lord
115209 | Zig:20   | Killed Ucwuff the pandemonium lord
115212 | Zig:20   | Killed Feji the pandemonium lord
115219 | Zig:20   | Killed Qocwopt the pandemonium lord
115222 | Zig:20   | Killed Dos Wyes the pandemonium lord
115259 | Zig:20   | Killed Laopp the pandemonium lord
115372 | Zig:20   | Identified the ring of Etuag {rElec rCorr MP+9}
115374 | Zig:20   | Identified the +9 dagger of the Ring {holy, rPois}
115394 | Zig:20   | Identified the amulet of the Chupacabra {RegenMP Harm rC++
                  | Dex-2 SInv}
115443 | Zig:21   | Entered Level 21 of a ziggurat
115671 | Zig:21   | Identified the +12 great mace of Iceynk {speed, Str+4}
115672 | Zig:21   | Identified the +9 scimitar of Lififir {heavy, rF++}
115689 | Zig:21   | Identified the +6 scale mail "Erph" {Int+3}
115732 | Zig:22   | Entered Level 22 of a ziggurat
115785 | Zig:22   | Noticed a juggernaut
115792 | Zig:22   | Killed a juggernaut
115819 | Zig:22   | Noticed a juggernaut
115826 | Zig:22   | Killed a juggernaut
116024 | Zig:22   | Found the amulet of Vitality {RegenMP++ Regen++}
116036 | Zig:22   | Identified the +6 short sword of a volcano {flame, rPois
                  | rN+++ rCorr Str-5}
116126 | Zig:23   | Entered Level 23 of a ziggurat
116139 | Zig:23   | Noticed a juggernaut
116146 | Zig:23   | Noticed a juggernaut
116152 | Zig:23   | Killed a juggernaut
116153 | Zig:23   | Noticed a juggernaut
116158 | Zig:23   | Noticed a juggernaut
116159 | Zig:23   | Noticed a juggernaut
116161 | Zig:23   | Killed a juggernaut
116163 | Zig:23   | Noticed a juggernaut
116165 | Zig:23   | Noticed a juggernaut
116167 | Zig:23   | Killed a juggernaut
116169 | Zig:23   | Noticed a juggernaut
116169 | Zig:23   | Killed a juggernaut
116176 | Zig:23   | Killed a juggernaut
116177 | Zig:23   | Killed a juggernaut
116180 | Zig:23   | Killed a juggernaut
116183 | Zig:23   | Killed a juggernaut
116339 | Zig:23   | Found the +5 demon whip "Spellbinder" {antimagic, Will+}
116345 | Zig:23   | Identified the +10 shortbow "Melest" {freeze, Fragile Will+
                  | Dex+5}
116357 | Zig:23   | Identified the +12 great sword of the Battered Teeth {holy,
                  | rC+}
116361 | Zig:23   | Identified the +9 morningstar "Nusmuege" {holy, rF+ Int+2}
116366 | Zig:23   | Got the Tractate on the Reshaped Xenolith
116434 | Zig:24   | Entered Level 24 of a ziggurat
116466 | Zig:24   | Reached skill level 27 in Spellcasting
116656 | Zig:24   | Identified the +4 flail "Octopus's Regret" {drain, rF++ rC-
                  | Dex+6}
116657 | Zig:24   | Identified the +9 war axe "Undertaker" {freeze, rElec
                  | rCorr}
116760 | Zig:25   | Entered Level 25 of a ziggurat
116780 | Zig:25   | Noticed an ancient lich
116788 | Zig:25   | Killed an ancient lich
116788 | Zig:25   | Noticed a dread lich
116797 | Zig:25   | Noticed a dread lich
116797 | Zig:25   | Noticed a dread lich
116798 | Zig:25   | Killed a dread lich
116799 | Zig:25   | Noticed a dread lich
116799 | Zig:25   | Noticed an ancient lich
116801 | Zig:25   | Noticed an ancient lich
116803 | Zig:25   | Killed a dread lich
116804 | Zig:25   | Killed a dread lich
116804 | Zig:25   | Killed an ancient lich
116804 | Zig:25   | Killed an ancient lich
116806 | Zig:25   | Noticed a dread lich
116806 | Zig:25   | Killed a dread lich
116811 | Zig:25   | Killed a dread lich
116868 | Zig:25   | Found the ring of the Mage {Wiz Archmagi}
116884 | Zig:25   | Identified the +2 scimitar of Supniol {venom, rC- Int+5}
116888 | Zig:25   | Identified the +6 sling "Fofaastre" {drain, Int+7}
116897 | Zig:25   | Got Rintoth's Book of the Tainted Mountains
116908 | Zig:25   | Identified the +0 rapier "Mud Pie of Death" {freeze, rElec
                  | Str+2 Dex+4}
117018 | Zig:26   | Entered Level 26 of a ziggurat
117047 | Zig:26   | Noticed a juggernaut
117047 | Zig:26   | Noticed a juggernaut
117051 | Zig:26   | Noticed a juggernaut
117054 | Zig:26   | Killed a juggernaut
117055 | Zig:26   | Noticed a juggernaut
117055 | Zig:26   | Noticed a juggernaut
117055 | Zig:26   | Noticed a juggernaut
117055 | Zig:26   | Noticed a juggernaut
117056 | Zig:26   | Noticed a juggernaut
117056 | Zig:26   | Noticed a juggernaut
117056 | Zig:26   | Noticed a juggernaut
117056 | Zig:26   | Noticed a juggernaut
117058 | Zig:26   | Killed a juggernaut
117061 | Zig:26   | Noticed a juggernaut
117062 | Zig:26   | Killed a juggernaut
117062 | Zig:26   | Killed a juggernaut
117062 | Zig:26   | Killed a juggernaut
117062 | Zig:26   | Killed a juggernaut
117062 | Zig:26   | Killed a juggernaut
117062 | Zig:26   | Killed a juggernaut
117063 | Zig:26   | Killed a juggernaut
117064 | Zig:26   | Killed a juggernaut
117064 | Zig:26   | Killed a juggernaut
117067 | Zig:26   | Noticed a juggernaut
117067 | Zig:26   | Killed a juggernaut
117080 | Zig:26   | Found the ring of Shadows {Umbra +Inv Stlth+}
117080 | Zig:26   | Killed a juggernaut
117237 | Zig:26   | Identified the ring "Vyoroth" {*Slow rElec rPois rF+ rC+
                  | Will+}
117326 | Zig:27   | Entered Level 27 of a ziggurat
117500 | Zig:27   | Identified the +6 glaive of Kismet {antimagic, rF+ Str+2
                  | Dex+4}
117718 | Zig:27   | Identified the +2 leather armour of Dice, Bag, and Bottle
                  | {Str+3}
117755 | Zig:1    | Entered Level 1 of a ziggurat
117783 | Zig:2    | Entered Level 2 of a ziggurat
117816 | Zig:3    | Entered Level 3 of a ziggurat
117877 | Zig:4    | Entered Level 4 of a ziggurat
117899 | Zig:4    | Identified the +1 scale mail of Fuidey {Will+ Str+4 Dex-5}
117929 | Zig:5    | Entered Level 5 of a ziggurat
117992 | Zig:6    | Entered Level 6 of a ziggurat
118015 | Zig:6    | Found the +0 mask of the Dragon {Will+ Slay+3 SInv}
118067 | Zig:6    | Got the Almanac of Apparitions and Unholy Magic
118074 | Zig:7    | Entered Level 7 of a ziggurat
118132 | Zig:7    | Got the Handbook of Translocated Scree
118173 | Zig:8    | Entered Level 8 of a ziggurat
118177 | Zig:8    | Noticed Xeumecas the pandemonium lord
118181 | Zig:8    | Noticed Luwacw the pandemonium lord
118181 | Zig:8    | Killed Xeumecas the pandemonium lord
118185 | Zig:8    | Killed Luwacw the pandemonium lord
118216 | Zig:8    | Identified the ring "Pifagide" {Drain Fly rElec MP+9 Str-2
                  | Stlth+}
118225 | Zig:8    | Identified the +2 robe of the Guardian {rElec Str+4 Int+3}
118237 | Zig:9    | Entered Level 9 of a ziggurat
118275 | Zig:9    | Identified the +11 war axe of Wyrd {flame, Int+3}
118327 | Zig:10   | Entered Level 10 of a ziggurat
118333 | Zig:10   | Noticed Fitsuw the pandemonium lord
118335 | Zig:10   | Noticed Goek the pandemonium lord
118336 | Zig:10   | Noticed Qelucsokk the pandemonium lord
118342 | Zig:10   | Killed Fitsuw the pandemonium lord
118344 | Zig:10   | Killed Goek the pandemonium lord
118347 | Zig:10   | Killed Qelucsokk the pandemonium lord
118509 | Zig:10   | Identified the +5 ring mail "Qeymol" {rC+ Will+}
118515 | Zig:11   | Entered Level 11 of a ziggurat
118533 | Zig:11   | Found the +16 obsidian axe {drain, Mesm Drain Fly SInv}
118581 | Zig:11   | Identified the +11 whip of Yromim {spect, *Slow Fly rElec
                  | Stlth+}
118633 | Zig:12   | Entered Level 12 of a ziggurat
118651 | Zig:12   | Found the +7 great mace "Firestarter" {flame, inner flame,
                  | rF++}
118727 | Zig:12   | Identified the ring of Abstinence {AC+4 Str+4}
118748 | Zig:13   | Entered Level 13 of a ziggurat
118753 | Zig:13   | Noticed a royal mummy
118754 | Zig:13   | Noticed a royal mummy
118754 | Zig:13   | Noticed a royal mummy
118754 | Zig:13   | Noticed a royal mummy
118756 | Zig:13   | Noticed a royal mummy
118757 | Zig:13   | Killed a royal mummy
118761 | Zig:13   | Killed a royal mummy
118761 | Zig:13   | Killed a royal mummy
118762 | Zig:13   | Killed a royal mummy
118762 | Zig:13   | Killed a royal mummy
118952 | Zig:14   | Entered Level 14 of a ziggurat
119012 | Zig:14   | Identified the +7 dagger of the Bruised Villages {venom,
                  | *Slow rN+ rCorr SInv}
119015 | Zig:14   | Identified the amulet "Yrphuamo" {Acrobat rPois Int+5 Dex-4
                  | Stlth+}
119029 | Zig:14   | Identified the +7 plate armour "Virol" {-Tele rF+ rN+
                  | Str+3}
119034 | Zig:14   | Got the Parchment of the Throng and the Fairies
119062 | Zig:15   | Entered Level 15 of a ziggurat
119084 | Zig:15   | Found the +7 Throatcutter {drain, coup de grace}
119114 | Zig:15   | Identified the ring "Pukh" {rElec Int+6}
119142 | Zig:15   | Identified the +1 dagger "Hiedwan" {freeze, Will- rCorr
                  | Int+2}
119200 | Zig:16   | Entered Level 16 of a ziggurat
119205 | Zig:16   | Paralysed by an air elemental for 1 turns
119219 | Zig:16   | Reached skill level 27 in Transmutations
119219 | Zig:16   | Reached skill level 27 in Air Magic
119229 | Zig:16   | Identified the +7 dagger of Excruciating Pain {freeze,
                  | rElec rF+ rC+}
119234 | Zig:16   | Identified the +6 sling of Famine {freeze, rF+ rCorr Int+7
                  | Dex-2}
119348 | Zig:17   | Entered Level 17 of a ziggurat
119362 | Zig:17   | Reached skill level 5 in Conjurations
119414 | Zig:17   | Identified the +3 scimitar "Ohoivyz" {holy, Contam rN+
                  | Int+3 Dex+2}
119425 | Zig:17   | Identified the +7 longbow "Vircheh" {drain, Str+5}
119435 | Zig:17   | Identified the ring of the Cicada {Ice Str+4 SInv}
119478 | Zig:18   | Entered Level 18 of a ziggurat
119510 | Zig:18   | Reached skill level 10 in Conjurations
119631 | Zig:18   | Identified the +4 short sword of wormed's Quick Death
                  | {holy, rF+ rC+}
119634 | Zig:18   | Identified the +0 battleaxe of World's End {antimagic,
                  | Contam rF+ Str+2}
119717 | Zig:19   | Entered Level 19 of a ziggurat
119730 | Zig:19   | Noticed Sogoun the pandemonium lord
119740 | Zig:19   | Killed Sogoun the pandemonium lord
119979 | Zig:20   | Entered Level 20 of a ziggurat
120000 | Zig:20   | Reached skill level 15 in Conjurations
120013 | Zig:20   | Found the +2 hat of the Bear Spirit {Spirit, *Rage Will++}
120112 | Zig:20   | Identified the +7 mace of War {venom, rN++ Stlth-}
120124 | Zig:20   | Identified the +4 spear of Anoafag {pain, rF- Will++ MP+9
                  | Stlth+}
120129 | Zig:20   | Identified the +8 falchion of the Gnashing Gods {freeze,
                  | rF- Will+ Stlth+}
120143 | Zig:21   | Entered Level 21 of a ziggurat
120162 | Zig:21   | Paralysed by an air elemental for 1 turns
120176 | Zig:21   | Found the +9 staff of Olgreb {rPois∞}
120242 | Zig:21   | Found the +1 cloak of Starlight {*Dazzle EV+4 Stlth--}
120357 | Zig:22   | Entered Level 22 of a ziggurat
120577 | Zig:22   | Identified the +8 sling of a sewer {antimagic, rPois SInv}
120592 | Zig:22   | Identified the amulet "Gihirch" {Spirit Harm Regen+ Str+7
                  | Dex-4}
120594 | Zig:22   | Identified the +10 great mace of the Abyss {heavy, Str+6
                  | Dex+3 Stlth+}
120597 | Zig:22   | Identified the +5 morningstar of the People {heavy, Will+}
120605 | Zig:22   | Identified the ring "Ixibof" {rCorr Dex+6 Stlth+}
120641 | Zig:23   | Entered Level 23 of a ziggurat
120776 | Zig:23   | Identified the +2 falchion "Jabruwn" {freeze, rPois rC+
                  | Str-2 Int+4}
120780 | Zig:23   | Identified the +5 dagger "Murmur" {speed, Str+7}
120822 | Zig:24   | Entered Level 24 of a ziggurat
120838 | Zig:24   | Noticed a royal mummy
120839 | Zig:24   | Noticed a royal mummy
120839 | Zig:24   | Noticed a royal mummy
120841 | Zig:24   | Noticed a royal mummy
120842 | Zig:24   | Killed a royal mummy
120843 | Zig:24   | Noticed a royal mummy
120843 | Zig:24   | Noticed a royal mummy
120845 | Zig:24   | Noticed a royal mummy
120845 | Zig:24   | Noticed a royal mummy
120848 | Zig:24   | Killed a royal mummy
120848 | Zig:24   | Killed a royal mummy
120848 | Zig:24   | Killed a royal mummy
120848 | Zig:24   | Killed a royal mummy
120848 | Zig:24   | Noticed a royal mummy
120849 | Zig:24   | Killed a royal mummy
120849 | Zig:24   | Killed a royal mummy
120850 | Zig:24   | Killed a royal mummy
120851 | Zig:24   | Killed a royal mummy
120851 | Zig:24   | Noticed a royal mummy
120851 | Zig:24   | Noticed a royal mummy
120857 | Zig:24   | Killed a royal mummy
120857 | Zig:24   | Killed a royal mummy
120875 | Zig:24   | Noticed a royal mummy
120875 | Zig:24   | Noticed a royal mummy
120878 | Zig:24   | Killed a royal mummy
120879 | Zig:24   | Killed a royal mummy
121127 | Zig:24   | Identified the +12 hand axe "Yguyshri" {heavy, rF+}
121165 | Zig:24   | Learned a level 9 spell: Fire Storm
121174 | Zig:25   | Entered Level 25 of a ziggurat
121593 | Zot:5    | Got the Orb of Zot
121887 | D:15     | Noticed Tuothritz the pandemonium lord
121892 | D:15     | Killed Tuothritz the pandemonium lord
122194 | D:2      | Noticed Bix Fam the pandemonium lord
122242 | D:$      | Escaped with the Orb!

Illustrated notes

Levels and vault maps discovered:
D:1:      minmay_arrival_semitransparent, layout_loops_cross, serial_forest,
          infiniplex_forest_fountain, infiniplex_forest_end_2,
          infiniplex_forest_straight_3, infiniplex_forest_lined_3,
          infiniplex_forest_straight_4, infiniplex_forest_clump_small,
          serial_shops, nicolae_shop_behind_doors, minmay_small_reverse_x
D:2:      layout_basic, shapermc_ecumenical_altar_petra, skrybe_limestone_x
D:3:      layout_basic, gammafunk_ghost_icy, columned_hall_lemuel, uniq_grinder,
          uniq_sigmund
D:4:      layout_cave_pods, kennysheep_generic_room_13
D:5:      cheibrodos_quashed, layout_loops_cross, kennysheep_mini,
          minmay_temple_entry_antechambers, serial_shops, shop,
          uniq_blork_the_orc, uniq_eustachio, uniq_duvessa
D:6:      layout_loops_ring, mainiacjoe_overflow_alcove_4,
          nicolae_overflow_hidden_temple, mainiacjoe_overflow_alcove_1,
          mainiacjoe_overflow_surrounded_room, vehumet_crystals,
          mainiacjoe_overflow_brackets, kennysheep_little_box, st_stairs_4
D:7:      layout_basic, mainiacjoe_overflow_alcove_2, xom_teletrap_fun,
          lemuel_tele_altar
D:8:      layout_basic, gammafunk_temple_overflow_elements
D:9:      layout_basic, overflow_temple_1_default, special_room
          [special_room_bee]
D:10:     layout_loops_ring, dpeg_oklobed_lair
D:11:     layout_loops_corners, orc_0_dummy, minivault_25_ag,
          grunt_ministairs_1, dreamdust_princess_corridor
D:12:     layout_long_grid, uniq_kirke
D:13:     layout_roguey [special_room_orc], nicolae_trove_entry_path_of_doom,
          gammafunk_ghost_arena, minmay_checkerbox
D:14:     layout_cave_pools, david_vaults_1, minmay_door_square, uniq_snorg
D:15:     gammafunk_depths_entry_grave, layout_layer_cave,
          chequers_decorated_corner, uniq_nessos, uniq_jorgrun
Temple:   nicolae_temple_godpark
Lair:1:   layout_cave_pods, grunt_megastairs_4
Lair:2:   layout_hall_layers, disabler_island, lemuel_fruit_tree,
          grunt_megastairs_1, serial_bayou_shore_a, infiniplex_staircase_pool_2
Lair:3:   layout_long_grid, nicolae_swamp_entry_splash_gauntlet,
          nicolae_snake_entry_squirm, st_stairs_5,
          grunt_forest_large_clearing_hut, uniq_prince_ribbit2
Lair:4:   dreamdust_cave_troll, layout_cave_pods, chequers_serial_rivers_small_b
Lair:5:   evilmike_catoblepas_cave, layout_big_grid,
          nicolae_slime_entry_field_trip, enter_volcano_3, basic_altar,
          st_stairs_5, uniq_rupert
Swamp:1:  layout_basic_swamp, portal_ice_cave_entry_frozen_things,
          nicolae_swamp_dense_foliage, swamp_pool1, infiniplex_staircase_pool,
          uniq_donald, uniq_nikola
Swamp:2:  layout_basic_swamp, evilmike_swamp_ruin_house_3
Swamp:3:  layout_falls_marsh, gammafunk_ghost_split, evilmike_swamp_ruin_house_1
Swamp:4:  swamp_old_school, layout_basic_swamp, uniq_mlioglotl, uniq_mara
Snake:1:  layout_chambers, nicolae_snake_gridmaze_entwining
Snake:2:  layout_cave_town, drop_trap, grunt_ministairs_9,
          nicolae_wooded_promenade, nicolae_snake_salamander_fort
Snake:3:  layout_chambers, minmay_shop_grove
Snake:4:  grunt_snake_rune_serpentine_throne, layout_cave_town, basic_altar,
          grunt_ministairs_6
Slime:1:  layout_caves
Slime:2:  layout_caves
Slime:3:  layout_caves
Slime:4:  layout_caves
Slime:5
Orc:1:    layout_caves
Orc:2:    st_orc_ogre_mass, layout_caves, basic_altar
Elf:1:    minmay_elf_arrival_plus, layout_onion_city,
          ebering_ghost_disaster_area, serial_shops, nicolae_take_the_stairs,
          minmay_elf_necromancy
Elf:2:    elven_hall_of_blades_hangedman_original
          [nicolae_blade_entry_sentries_behind_glass], layout_gridlike,
          gammafunk_ghost_wrathful_warriors, hangedman_elf_represent
Elf:3:    minmay_elf_hall_furrowed, layout_gridlike, minmay_shop_star
Vaults:1: ontoclasm_vaults_fault, v_rooms_1, nicolae_vaults_network_star,
          nicolae_vaults_twisting_passages, v_misc_17, st_diamondy,
          nicolae_vaults_network_square, hangedman_vaults_variations,
          vaults_dpeg_encased_lava, nicolae_vaults_little_squares_4,
          nicolae_vaults_little_squares_2, grunt_vaults_hallway_short,
          vaults_dpeg_diagonal, v_misc_3, vaults_mumra_chevron_long,
          layout_vaults_maze_snakey
Vaults:2: hangedman_vaults_cutoff, hangedman_vaults_restitches, v_misc_18,
          v_misc_27, v_alt_pattern_6, hangedman_vaults_hat,
          grunt_vaults_hallway_long, st_star, vaults_room_semicircle,
          grunt_vaults_focal, vaults_room_ringed_pool,
          nicolae_vaults_shelves_hall, layout_vaults_big_cross, serial_shops,
          shop
Vaults:3: nicolae_vaults_circle_grid_b, ontoclasm_vaults_bender,
          vaults_room_large_hall, vaults_room_corners, v_misc_11,
          hangedman_vaults_corner_blocks, v_misc_25,
          nicolae_vaults_three_branches, minmay_crypt_entry_simple_walls,
          vaults_room_fours, nicolae_vaults_mini_display_case,
          nicolae_vaults_alarming, layout_vaults_omnigrid, serial_shops, shop,
          uniq_zenata
Vaults:4: nicolae_vaults_network_quinsquares
          [nicolae_vaults_network_quincunx_subvault,
          nicolae_vaults_network_quincunx_subvault,
          nicolae_vaults_network_quincunx_subvault,
          nicolae_vaults_network_quincunx_subvault], v_misc_1,
          vaults_room_hallway, vaults_room_hangedman_quadrants,
          layout_vaults_big_room
Vaults:5
Crypt:1:  layout_misc_corridors, mu_enter_wizlab_2, ebering_ghost_gozag
Crypt:2:  layout_catacombs
Crypt:3:  lightli_unholy_cathedral, layout_chaotic_city,
          tomb_entry_simple_bobbens
Tomb:1
Tomb:2
Tomb:3
Depths:1: layout_small_grid, grunt_mini_vestibule, kennysheep_cross_bottleneck,
          kennysheep_dice
Depths:2: minmay_tri_stars, layout_gridlike, enter_ziggurat_b,
          rand_demon_pan_entry_7, chequers_serial_rivers_marsh, hell_entry
Depths:3: cheibrodos_cascadia, layout_gridville, grunt_hell_entry_dis_grunt,
          nicolae_abyss_entry_one_way_or_another, serial_shops, shop,
          uniq_xtahua, uniq_vv
Depths:4: evilmike_zot_entry_diamond, layout_gridlike, minmay_crystal_water,
          abyss_entry, hell_entry
Hell
Dis:1:    layout_gridville
Dis:2:    layout_gridville
Dis:3:    layout_gridville, minmay_strange_pillars
Dis:6:    layout_subdivisions
Dis:7:    iron_city_of_dis [dis_old, dis_wall_7], layout_gridville,
          glass_columns_b
Geh:1:    layout_gehenna_lava_caves
Geh:2:    layout_gehenna_lava_caves, gehenna_fire_generator
Geh:3:    layout_gehenna_pools_basic
Geh:4:    layout_gehenna_pools_box, hangedman_hellfire_club
Geh:5:    layout_gehenna_pools_triple
Geh:6:    layout_gehenna_lava_caves
Geh:7:    geh_hangedman
Coc:1:    layout_ice_bergs
Coc:2:    layout_ice_bergs
Coc:3:    layout_cocytus_delve, nicolae_coc_statues_of_limitations
Coc:4:    layout_cocytus_water_paths
Coc:5:    layout_ice_bergs
Coc:6:    nicolae_hells_giants_party, layout_ice_bergs
Coc:7:    coc_mu
Tar:1:    layout_grid_maze, nicolae_tar_cuneiform_bird
Tar:2:    nicolae_tar_intersect_combbox, layout_cathedral_of_symmetry,
          nicolae_tar_windowcombs
Tar:3:    layout_cathedral_of_symmetry
Tar:4:    layout_grid_maze
Tar:5:    nicolae_tar_checkpoint_tarlie, layout_cathedral_of_symmetry
Tar:6:    layout_grid_maze
Tar:7:    tar_minmay_river
Zot:1:    layout_gridlike, door_vault
Zot:2:    layout_onion_interference
Zot:3:    layout_gridlike, grunt_ministairs_1, hangedman_player_shredder
Zot:4:    layout_basic
Zot:5:    layout_misc_corridors, ebering_ghost_reflecting_pool,
          kennysheep_underground_church

Skill      XL: |  1  2  3  4  5  6  7  8  9 10 11 12 13 14 15 16 17 18 19 20 21 22 23 24 25 26 27 |
---------------+----------------------------------------------------------------------------------+-----
Fighting       | 2 3 4 5 6 7 8 9 10 11 12 13 14 15 16 17 18 19 27 | 27.0
Transmutations | 3 4 5 6 7 8 10 11 12 13 14 16 17 18 19 27 | 27.0
Ice Magic      | 1 2 3 4 |  4.0
Dodging        | 3 4 5 6 7 8 9 10 11 12 13 14 15 16 17 18 19 20 21 27 | 27.0
Spellcasting   | 3 4 5 6 7 8 10 12 13 15 16 17 27 | 27.0
Unarmed Combat | 4 5 6 7 8 9 10 11 13 14 15 16 17 18 20 27 | 27.0
Air Magic      | 3 5 7 9 10 12 13 14 16 17 18 19 27 | 27.0
Translocations | 6 9 10 | 10.0
Summonings     | 6 9 10 | 10.0
Necromancy     | 27 | 27.0
Fire Magic     | 27 | 27.0
Conjurations   | 26 | 26.5

Action                   |  1- 3 |  4- 6 |  7- 9 | 10-12 | 13-15 | 16-18 | 19-21 | 22-24 | 25-27 || total
-------------------------+-------+-------+-------+-------+-------+-------+-------+-------+-------++-------
Melee: Unarmed           |    67 |    63 |   218 |   482 |   649 |   627 |   666 |   692 |  3462 ||  6926
       Constrict         |    23 |     9 |     1 |     2 |     2 |     1 |       |     2 |     7 ||    47
       Kick              |    26 |    18 |       |       |       |       |       |     3 |    19 ||    66
       Tentacles         |    14 |     5 |     1 |     4 |     1 |     2 |     5 |     5 |    20 ||    57
       Punch             |     1 |     2 |       |     7 |    62 |    48 |    74 |    98 |   517 ||   809
       Staff             |       |       |       |       |       |     6 |    12 |    13 |    36 ||    67
 Cast: Beastly Appendage |    23 |    10 |       |       |       |       |       |       |       ||    33
       Wereblood         |    14 |    10 |    15 |    42 |    33 |    65 |    64 |    62 |   339 ||   644
       Ice Form          |       |     1 |    31 |    42 |       |       |       |       |       ||    74
       Storm Form        |       |       |       |     6 |    52 |    65 |    64 |    62 |   341 ||   590
       Vhi's Electric Ch |       |       |       |       |       |       |       |    40 |   596 ||   636
       Death Channel     |       |       |       |       |       |       |       |       |   260 ||   260
       Ignition          |       |       |       |       |       |       |       |       |   130 ||   130
       Infestation       |       |       |       |       |       |       |       |       |    81 ||    81
       Death's Door      |       |       |       |       |       |       |       |       |    25 ||    25
       Fire Storm        |       |       |       |       |       |       |       |       |     4 ||     4
       Passage of Golubr |       |       |       |       |       |       |       |       |     4 ||     4
       Summon Forest     |       |       |       |       |       |       |       |       |     1 ||     1
Invok: Call Merchant     |       |       |     1 |       |     3 |     2 |     2 |     4 |     4 ||    16
       Potion Petition   |       |       |       |     1 |       |       |       |       |    43 ||    44
 Abil: Blinkbolt         |       |       |       |       |     3 |     3 |     5 |    12 |   106 ||   129
Evoke: Wand              |       |       |     4 |    18 |       |       |       |       |     4 ||    26
       Figurine of a zig |       |       |       |       |       |       |       |       |     1 ||     1
  Use: Scroll            |     6 |       |     8 |     6 |     6 |    13 |     7 |     1 |    11 ||    58
       Potion            |       |     3 |     1 |     5 |     4 |       |       |     1 |    57 ||    71
 Stab: Sleeping          |     6 |     1 |       |       |     8 |     6 |     2 |     3 |     2 ||    28
       Paralysed         |       |       |     8 |     9 |       |       |       |       |       ||    17
       Distracted        |       |       |       |     2 |    11 |    15 |    14 |    18 |   117 ||   177
       Petrified         |       |       |       |       |       |       |       |       |     8 ||     8
       Invisible         |       |       |       |       |       |       |       |       |     4 ||     4
       Petrifying        |       |       |       |       |       |       |       |       |     2 ||     2
Armor: Skin              |     6 |    11 |    59 |   101 |    90 |    72 |   102 |    68 |   243 ||   752
Dodge: Dodged            |    33 |    26 |   169 |   420 |   610 |   701 |   786 |   631 |  3994 ||  7370

Table legend: (Time is in decaauts)
 A = Elapsed time spent in this place.
 B = Non-inter-level travel time spent in this place.
 C = Inter-level travel time spent in this place.
 D = Time resting spent in this place.
 E = Time spent auto-exploring this place.
 F = Levels seen in this place.
 G = Mean time per level.
                   A        B        C        D        E       F      G
               +--------+--------+--------+--------+--------+-----+--------+
         Total | 120467 | 103407 |  17060 |   7879 |  74613 | 155 |  777.2 |
       Dungeon |  24161 |  15872 |   8289 |   1848 |  11462 |  15 | 1610.7 |
        Temple |    401 |    373 |     28 |    242 |    117 |   1 |  401.0 |
          Lair |   9662 |   7593 |   2069 |    167 |   5899 |   5 | 1932.4 |
         Swamp |   3669 |   3464 |    205 |     76 |   2677 |   4 |  917.2 |
     Snake Pit |   6133 |   5084 |   1049 |      0 |   4412 |   4 | 1533.2 |
    Slime Pits |   3729 |   3540 |    189 |      0 |   2822 |   5 |  745.8 |
  Orcish Mines |   1575 |   1295 |    280 |      0 |   1021 |   2 |  787.5 |
   Elven Halls |   4148 |   3971 |    177 |     33 |   3139 |   3 | 1382.7 |
        Vaults |   8424 |   7216 |   1208 |      8 |   5912 |   5 | 1684.8 |
         Crypt |   3807 |   3416 |    391 |      0 |   2811 |   3 | 1269.0 |
          Tomb |   8887 |   8460 |    427 |   4472 |   2945 |   3 | 2962.3 |
        Depths |   5369 |   4505 |    864 |      0 |   3591 |   4 | 1342.2 |
          Hell |   1241 |    874 |    367 |      0 |    632 |   1 | 1241.0 |
           Dis |   3023 |   2783 |    240 |      0 |   2417 |   5 |  604.6 |
       Gehenna |   4266 |   4109 |    157 |      0 |   3211 |   7 |  609.4 |
       Cocytus |   4064 |   3988 |     76 |    295 |   2967 |   7 |  580.6 |
      Tartarus |   4411 |   4201 |    210 |      0 |   3250 |   7 |  630.1 |
           Zot |   5989 |   5162 |    827 |     62 |   4021 |   5 | 1197.8 |
         Abyss |   1791 |   1791 |      0 |    657 |    588 |   3 |  597.0 |
   Pandemonium |   4903 |   4903 |      0 |      0 |   3340 |  10 |  490.3 |
      Ziggurat |   9590 |   9590 |      0 |     19 |   6528 |  52 |  184.4 |
         Trove |     72 |     72 |      0 |      0 |     25 |   1 |   72.0 |
      Ice Cave |    235 |    235 |      0 |      0 |    181 |   1 |  235.0 |
       Volcano |    379 |    379 |      0 |      0 |    306 |   1 |  379.0 |
        Wizlab |    525 |    525 |      0 |      0 |    334 |   1 |  525.0 |
               +--------+--------+--------+--------+--------+-----+--------+

Top non-repeatable levels by time:
  Tomb:1: 4724 daAuts
  Tomb:2: 3462 daAuts
   Tar:7: 2751 daAuts
  Lair:1: 2463 daAuts
   Dis:7: 2375 daAuts
     D:1: 2366 daAuts
  Lair:3: 2172 daAuts
  Lair:2: 2105 daAuts
     D:8: 1985 daAuts
   Coc:7: 1959 daAuts
   Geh:7: 1907 daAuts
Vaults:3: 1901 daAuts
 Snake:1: 1876 daAuts
    D:10: 1852 daAuts
     D:4: 1845 daAuts
